 Dungeon Crawl Stone Soup version 0.32-a0-361-g289a535 (webtiles) character file.

Game seed: 12864818549292791843

3584921 jagoly the Petite Mort (level 26, 142/142 HPs)
             Began as a Spriggan Necromancer on Feb 17, 2024.
             Was the Champion of Kikubaaqudgha.
             Escaped with the Orb
             ... and 5 runes
             ... and 3 gems (2 intact) on Feb 18, 2024!
             The game lasted 09:26:45 (66076 turns).

jagoly La Petite Mort (Spriggan Necromancer)       Turns: 66076, Time: 09:26:46

Health: 142/142    AC: 11    Str:  6      XL:     26   Next: 90%
Magic:  48/48      EV: 35    Int: 21      God:    Kikubaaqudgha [******]
Gold:   1864       SH: 10    Dex: 21 (23) Spells: 4/65 levels left

rFire   + + .        b - +8 quick blade (freeze)
rCold   + + .        I - +3 buckler
rNeg    . . .        g - +3 troll leather armour
rPois   +            n - +1 hat "Zolommoogh" {rF+ rC+ Will- Regen+}
rElec   +            R - +2 cloak {Stlth+}
rCorr   .            (gloves unavailable)
SInv    +            (boots unavailable)
Will    +++..        F - amulet of magic regeneration
Stlth   +++          p - ring of Moodiness {Fly rElec rF+ Slay+3}
HPRegen 2.03/turn    j - ring of Ru's Reproof {rPois rC+ Int-4 Dex+6}
MPRegen 0.71/turn

%: clarity
@: flying, studying Conjurations, very quick
A: very small, no large weapons, unfitting armour, see invisible, speed 3, horns
1, clarity
0: Orb of Zot
}: 5/15 runes: decaying, serpentine, slimy, silver, abyssal
a: Renounce Religion, Unearth Wretches, Torment


You escaped.
You worshipped Kikubaaqudgha.
Kikubaaqudgha was exalted by your worship.
You visited 12 branches of the dungeon, and saw 56 of its levels.
You visited the Abyss 4 times.
You visited 2 bazaars.
You also visited: Ossuary, Bailey, Gauntlet and Wizlab.

You collected 9442 gold pieces.
You spent 7578 gold pieces at shops.

Inventory:

Hand Weapons
 a - a +9 quick blade of pain
 b - a +8 quick blade of freezing (weapon)
 w - the +6 dagger of the Lumpy Spines {freeze, *Corrode rN+ MP+9 Str+7}
   (You found it on level 3 of the Elven Halls)

   Str+7:     It affects your strength (+7).
   rN+:       It protects you from negative energy.
   MP+9:      It affects your magic capacity (+9).
   *Corrode:  It may corrode you when you take damage.
Missiles
 d - 3 throwing nets
 f - 76 poisoned darts
 t - 33 boomerangs
 J - 9 curare-tipped darts
Armour
 g - a +3 troll leather armour (worn)
 n - the +1 hat "Zolommoogh" (worn) {rF+ rC+ Will- Regen+}
   (You acquired it on level 1 of the Depths)

   rF+:       It protects you from fire.
   rC+:       It protects you from cold.
   Will-:     It decreases your willpower.
   Regen+:    It increases your rate of health regeneration.
 I - a +3 buckler (worn)
 R - a +2 cloak of stealth (worn)
Jewellery
 j - the ring of Ru's Reproof (right hand) {rPois rC+ Int-4 Dex+6}
   (You found it on level 2 of the Snake Pit)

   [ring of dexterity]

   Int-4:     It affects your intelligence (-4).
   Dex+6:     It affects your dexterity (+6).
   rC+:       It protects you from cold.
   rPois:     It protects you from poison
 p - the ring of Moodiness (left hand) {Fly rElec rF+ Slay+3}
   (You found it on level 5 of the Pits of Slime)

   [ring of protection from fire]

   Slay+3:    It affects your accuracy & damage with ranged weapons and melee
   (+3).
   rF+:       It protects you from fire.
   rElec:     It insulates you from electricity.
   Fly:       It grants you flight.
 E - the ring of the Muttering Genius {rElec rPois rC- rCorr Str+4}
   (You found it in a Gauntlet)

   [ring of resist corrosion]

   Str+4:     It affects your strength (+4).
   rC-:       It makes you vulnerable to cold.
   rElec:     It insulates you from electricity.
   rPois:     It protects you from poison rCorr: It protects you from acid and
   corrosion.
 F - an amulet of magic regeneration (around neck)
 Z - a +4 ring of protection
Wands
 C - a wand of roots (8)
 D - a wand of digging (8)
 H - a wand of flame (87)
 S - a wand of acid (17)
 V - a wand of mindburst (45)
 W - a wand of paralysis (60)
Scrolls
 r - 18 scrolls of fear
 u - 33 scrolls of teleportation
 x - 4 scrolls of silence
 A - 4 scrolls of blinking
 K - 12 scrolls of vulnerability
 L - 3 scrolls of brand weapon
 M - 4 scrolls of enchant armour
 N - 5 scrolls of butterflies
 O - 16 scrolls of immolation
 Q - 8 scrolls of poison
 U - 8 scrolls of fog
Potions
 c - 31 potions of curing
 h - 8 potions of magic
 k - 4 potions of ambrosia
 l - 3 potions of resistance
 m - 10 potions of enlightenment
 o - 16 potions of cancellation
 q - 11 potions of mutation
 s - 9 potions of haste
 v - 8 potions of heal wounds
 B - 5 potions of invisibility
 G - 3 potions of berserk rage
 X - 6 potions of might
 Y - 16 potions of brilliance
Miscellaneous
 e - a box of beasts
 i - a lightning rod (4/4)
 y - a phial of floods
 P - a tin of tremorstones (2/2)
 T - a phantom mirror


   Skills:
 + Level 16.1 Fighting
 - Level 14.0 Short Blades
 - Level 2.0 Throwing
 - Level 6.0 Armour
 - Level 22.0 Dodging
 - Level 16.0 Stealth
 - Level 8.0 Shields
 - Level 20.0 Spellcasting
 - Level 2.0 Conjurations
 - Level 8.0 Hexes
 - Level 10.0 Summonings
 O Level 27 Necromancy
 - Level 2.0 Translocations
 - Level 2.0 Fire Magic
 - Level 10.0 Earth Magic
 - Level 12.0 Alchemy
 - Level 12.0 Evocations


You had 4 spell levels left.
You knew the following spells:

 Your Spells              Type           Power      Damage    Failure   Level
b - Borgnjor's Vile Clut  Necr/Erth      39%        N/A       1%          5
d - Dispel Undead         Necr           94%        3d30      0%          4
g - Curse of Agony        Necr           94%        N/A       0%          5
h - Haunt                 Necr/Summ      39%        N/A       2%          7
k - Tukima's Dance        Hex            53%        N/A       1%          3
p - Fulminant Prism       Conj/Alch      25%        3d14      2%          4
q - Apportation           Tloc           58%        N/A       2%          1
w - Passwall              Erth           58%        N/A       1%          3
y - Yara's Violent Unrav  Hex/Alch       29%        3d12      2%          5
A - Anguish               Hex/Necr       38%        N/A       1%          4
C - Death Channel         Necr           47%        N/A       0%          6
D - Animate Dead          Necr           94%        N/A       0%          4
P - Ignite Poison         Fire/Alch      50%        N/A       2%          4
R - Olgreb's Toxic Radia  Alch           63%        N/A       1%          4
Z - Sublimation of Blood  Necr           94%        N/A       0%          2

Your spell library contained the following spells:

 Spells                   Type           Power      Damage    Failure   Level
 Kiss of Death            Conj/Necr      100%       2d13      0%          1
 Necrotise                Necr           100%       1d9       0%          1
 Fugue of the Fallen      Necr           94%        N/A       0%          3
 Vampiric Draining        Necr           94%        2d12      0%          3
 Sandblast                Erth           100%       2d20      1%          1
 Slow                     Hex            100%       N/A       1%          1
 Sting                    Conj/Alch      100%       1d9       1%          1
 Summon Small Mammal      Summ           100%       N/A       1%          1
 Cigotuvi's Dreadful Rot  Necr/Alch/Air  100%       N/A       1%          2
 Ensorcelled Hibernation  Hex/Ice        74%        N/A       1%          2
 Jinxbite                 Hex            100%       N/A       1%          2
 Mercury Vapours          Alch/Air       92%        N/A       1%          2
 Call Canine Familiar     Summ           58%        N/A       1%          3
 Confusing Touch          Hex            53%        N/A       1%          3
 Dazzling Flash           Conj/Hex       84%        N/A       1%          3
 Inner Flame              Hex/Fire       42%        N/A       1%          3
 Sigil of Binding         Hex            53%        N/A       1%          3
 Summon Ice Beast         Ice/Summ       42%        N/A       1%          3
 Animate Armour           Summ/Erth      100%       N/A       1%          4
 Cause Fear               Hex            26%        N/A       1%          4
 Leda's Liquefaction      Alch/Erth      30%        N/A       1%          4
 Martyr's Knell           Necr/Summ      78%        N/A       1%          4
 Magic Dart               Conj           100%       1d8       2%          1
 Mephitic Cloud           Conj/Alch/Air  40%        N/A       2%          3
 Sticky Flame             Fire/Alch      50%        2d9       2%          4
 Shock                    Conj/Air       100%       1d9       3%          1
 Blink                    Tloc           58%        N/A       3%          2
 Lesser Beckoning         Tloc           58%        N/A       3%          2
 Scorch                   Fire           58%        2d7       3%          2
 Searing Ray              Conj           58%        2d6       3%          2
 Freeze                   Ice            84%        1d9       4%          1
 Static Discharge         Conj/Air       50%        3-6/arc   4%          2
 Brom's Barrelling Bould  Conj/Erth      46%        2d6       4%          4
 Summon Blazeheart Golem  Fire/Summ      46%        N/A       4%          4
 Dimensional Bullseye     Hex/Tloc       21%        N/A       6%          4
 Summon Lightning Spire   Summ/Air       42%        N/A       6%          4
 Gell's Gravitas          Tloc           29%        N/A       7%          3
 Teleport Other           Tloc           29%        N/A       7%          3
 Volatile Blastmotes      Fire/Tloc      58%        2d14      7%          3
 Hailstorm                Conj/Ice       25%        3d7       10%         3
 Frozen Ramparts          Ice            42%        1d7       16%         3
 Swiftness                Air            21%        N/A       16%         3
 Flame Wave               Conj/Fire      29%        2d9       22%         4
 Iskenderun's Mystic Bla  Conj/Tloc      29%        2d7       22%         4
 Manifold Assault         Tloc           29%        N/A       22%         4
 Vhi's Electric Charge    Tloc/Air       50%        N/A       32%         4
 Airstrike                Air            10%        2d(2-18)  45%         4
 Alistair's Intoxication  Alch           42%        N/A       1%          5
 Borgnjor's Revivificati  Necr           47%        N/A       1%          8
 Lee's Rapid Deconstruct  Erth           29%        3d15*     2%          5
 Summon Mana Viper        Hex/Summ       56%        N/A       3%          5
 Eringya's Noxious Bog    Alch           31%        4d6       5%          6
 Death's Door             Necr           47%        N/A       8%          9
 Summon Cactus Giant      Summ           29%        N/A       13%         6
 Silence                  Hex/Air        18%        N/A       26%         5
 Fireball                 Conj/Fire      14%        3d8       52%         5
 Iskenderun's Battlesphe  Conj           29%        2d8       52%         5
 Bombard                  Conj/Erth      23%        9d4       54%         6
 Sculpt Simulacrum        Ice/Alch       23%        N/A       54%         6
 Monstrous Menagerie      Summ           29%        N/A       56%         7
 Arcjolt                  Conj/Air       12%        1d22      67%         5
 Freezing Cloud           Conj/Ice/Air   11%        6-21      73%         5
 Enfeeble                 Hex            26%        N/A       85%         7
 Dispersal                Tloc           14%        N/A       98%         6
 Starburst                Conj/Fire      14%        6d6       98%         6
 Spellforged Servitor     Conj/Summ      23%        N/A       98%         7
 Conjure Ball Lightning   Conj/Air       12%        3x3d6     99%         6
 Plasma Beam              Fire/Air       12%        2x1d23    99%         6
 Summon Horrible Things   Summ           29%        N/A       99%         8
 Orb of Destruction       Conj           14%        9d7       100%        7
 Disjunction              Tloc           14%        N/A       100%        8
 Ignition                 Fire           14%        3d6       100%        8
 Maxwell's Capacitive Co  Air            10%        ∞         100%        8
 Chain Lightning          Conj/Air       12%        3d16      100%        9
 Dragon's Call            Summ           29%        N/A       100%        9
 Fire Storm               Conj/Fire      14%        8d4       100%        9
 Shatter                  Erth           29%        3d24*     100%        9


Dungeon Overview and Level Annotations

Branches:
Dungeon (15/15)            Temple (1/1) D:6            Lair (5/5) D:9
  Swamp (4/4) Lair:3        Snake (4/4) Lair:2        Slime (5/5) Lair:4
    Orc (2/2) D:12            Elf (3/3) Orc:2        Vaults (5/5) D:14
  Crypt (3/3) Vaults:2       Tomb (0/3) Crypt:3      Depths (4/4) D:15
    Zot (5/5) Depths:4    Ossuary (visited)          Bailey (visited)
 WizLab (visited)         Gauntlet (visited)

Altars:
Ashenzari
Cheibriados
Dithmenos
Elyvilon
Fedhas
Gozag
Hepliaklqana
Kikubaaqudgha
Makhleb
Nemelex Xobeh
Okawaru
Qazlal
Ru
Sif Muna
Trog
Uskayaw
Vehumet
Wu Jian
Xom
Yredelemnul
Zin
The Shining One
Jiyva

Shops:
D:5 *   D:10 !   D:14 !   Orc:2 =([*   Snake:1 ?([!   Snake:2 *   Snake:4 [((
Vaults:1 [[(*   Depths:1 !*=(?   Depths:4 :

Portals:
Hell: Depths:1 Depths:2 Depths:3 Depths:4
Abyss: Depths:3
Pandemonium: Depths:2 Depths:4
Ziggurat: Depths:4

Annotations:
Lair:5 2 transporters, 1lSu2w's ghost, journeyman OnAE
Elf:2 5 runed translucent doors
Zot:2 36 runed translucent doors
Zot:5 1 exclusion


Innate Abilities, Weirdness & Mutations

You are very small and have problems with some larger weapons.
You are too small for most types of armour.
You have supernaturally acute eyesight. (SInv)
You cover ground extremely quickly. (Speed+++)
You have a pair of small horns on your head.
You possess an exceptional clarity of mind.


Message History

The Orb Guardian writhes in agony!!
Your kick misses the Orb Guardian. You closely miss the Orb Guardian.
Your kick misses the Orb Guardian.
The Orb Guardian is almost dead.
Your spectral Orb Guardian barely misses the Orb Guardian.
Your spectral Orb Guardian closely misses the Orb Guardian.
Your spectral Orb Guardian hits the Orb Guardian!
The Orb Guardian dies!
Kikubaaqudgha accepts your kill.
A glowing mist starts to gather...
Your spectral Orb Guardian hits the Orb Guardian!!
The Orb Guardian hits your spectral Orb Guardian but does no damage.
Your spectral Orb Guardian hits the Orb Guardian!! x2
The Orb Guardian dies!
Kikubaaqudgha accepts your kill.
A glowing mist starts to gather...
You swap places.
You see here the Orb of Zot.
You start resting.
Your unholy channel is weakening.
Your body shudders with the violent release of wild energies!
The magical storm engulfs you but does no damage.
The magical storm engulfs your yellow draconian zombie.
Your yellow draconian zombie completely resists.
The magical storm engulfs your spectral Orb Guardian!
The magical storm engulfs your Killer Klown zombie.
Your Killer Klown zombie completely resists.
The magical storm engulfs your spectral Orb Guardian.
Your spectral Orb Guardian completely resists.
The magical storm engulfs your spectral Orb Guardian. x2
The magical storm engulfs your ghost moth zombie!
The magical storm engulfs your spectral Orb Guardian.
Your spectral Orb Guardian completely resists.
You feel yourself wasting away.
You swap places.
You hear a roar! x2
Unknown command.
You swap places.
You see here the Orb of Zot.
You start resting.
Your unholy channel expires.
Your spectral Orb Guardian fades into mist! x8
You start resting.
HP restored.
You start resting.
HP restored.
You start waiting.
A moth of wrath comes into view.
Cast which spell? (? or * to list)
Aiming: Haunt (dangerous; 1% risk of failure)
Press: ? - help, Dir - move target, f - moth of wrath
Aim: a moth of wrath (ally target) Insubstantial figures form in the air.
You hear a loud "Zot"!
The moth of wrath bites your ghost moth zombie.
A bolt of lightning appears from out of your range of vision.
Your quicksilver dragon zombie bites the moth of wrath!
Your quicksilver dragon zombie completely misses the moth of wrath.
Your ghost moth zombie hits the moth of wrath. x3
The moth of wrath bites your ghost moth zombie!
The bolt of fire misses your wraith.
A bolt of fire appears from out of your range of vision.
Your quicksilver dragon zombie bites the moth of wrath.
Your quicksilver dragon zombie claws the moth of wrath.
Your ghost moth zombie hits the moth of wrath!
Your ghost moth zombie hits the moth of wrath.
Your ghost moth zombie hits the moth of wrath!
The bolt of fire hits your wraith!!!
Your wraith is destroyed!
Your wraith disappears in a puff of smoke!
A bolt of fire appears from out of your range of vision.
Your Killer Klown zombie hits the moth of wrath.
The moth of wrath bites your Killer Klown zombie!
Your quicksilver dragon zombie bites the moth of wrath!
The moth of wrath dies!
Kikubaaqudgha accepts your kill.
Something hits your wraith but does no damage.
Something hits your wraith. Something shocks your wraith!
Your wraith is destroyed!
Your wraith disappears in a puff of smoke!
The Killer Klown shouts!
Training target 6.0 for Armour reached!
Your Armour skill increases to level 6!
You need to enable at least one skill for training.
Okay, then.
You feel magically purged.
You feel less contaminated with magical energies.
Something hits your wraith! Something shocks your wraith!!
Your wraith is destroyed!
Your wraith disappears in a puff of smoke!
An orb of fire comes into view.
You feel extremely strange.
Your hooves expand and flesh out into feet!
You feel stupid.
Your thoughts seem clearer.
Your skin functions as natural camouflage.
Your connection to magic feels subdued.
An orb of fire comes into view.
The orb of fire glows bright magenta.
The bolt of fire hits your ghost moth zombie!!!
Your ghost moth zombie is destroyed!
The bolt of fire hits your quicksilver dragon zombie!!!
The bolt of fire hits your golden dragon zombie!!!
You hear a loud "Zot"!
An electric golem comes into view.
You feel extremely strange.
You feel healthier.
Your skin no longer functions as natural camouflage.
You no longer become unable to drink potions after taking damage.
You occasionally lose the ability to read scrolls when taking damage.
You occasionally lose the ability to drink potions when taking damage.
Your quicksilver dragon zombie bites the orb of fire but does no damage.
Your quicksilver dragon zombie closely misses the orb of fire.
You feel extremely strange.
Your thinking seems confused.
Your magic regains its normal vibrancy.
You no longer become unable to read scrolls after taking damage.
You feel less energetic.
You feel genetically stable.
You hear a loud "Zot"!
The power of Zot is invoked against you!
You feel clumsy.
The orb of fire emits a lurid red light.
The bolt of fire hits your Killer Klown zombie!!!!
Your Killer Klown zombie is destroyed!
The bolt of fire misses you.
You hear a loud "Zot"!
Your quicksilver dragon zombie barely misses the orb of fire.
Your quicksilver dragon zombie claws the orb of fire but does no damage.
The orb of fire emits a lurid red light.
The bolt of fire hits your Killer Klown zombie!!!
The bolt of fire misses you.
An orb of fire comes into view.
You feel yourself speed up.
The electric golem blinks!
Your Killer Klown zombie hits the orb of fire!!
The orb of fire glows red.
The bolt of fire hits your quicksilver dragon zombie!!!
Your quicksilver dragon zombie is destroyed!
The bolt of fire hits the orb of fire.
The orb of fire completely resists.
The bolt of fire misses your Killer Klown zombie.
The bolt of fire hits you!! You resist.
You feel protected.
Your Killer Klown zombie hits the orb of fire but does no damage.
Your golden dragon zombie bites the orb of fire but does no damage.
Your golden dragon zombie claws the orb of fire but does no damage.
Your golden dragon zombie completely misses the orb of fire.
The orb of fire emits a lurid red light.
The fireball explodes!
The fireball engulfs the orb of fire.
The orb of fire completely resists.
The fireball engulfs your golden dragon zombie!!!!
Your golden dragon zombie is destroyed!
The fireball engulfs your Killer Klown zombie!!!
Your Killer Klown zombie is destroyed!
You hear a roar! x2
As you read the scroll of butterflies, it crumbles to dust.
You hear the flapping of tiny wings.
Your yellow draconian zombie is knocked back by the sudden gust.
The orb of fire glows bright magenta.
Your butterfly twists and deforms.
You feel extremely strange.
You feel genetically unstable.
You no longer become unable to drink potions after taking damage.
You feel more energetic.
Your thoughts seem clearer.
A pair of horns grows on your head!
You hear a loud "Zot"!
A tentacled monstrosity comes into view.
The orb of fire glows bright magenta.
The bolt of fire hits the orb of fire.
The orb of fire completely resists.
The bolt of fire hits your butterfly!!!!
Your butterfly dies!
Your butterfly disappears in a burst of colours!
The bolt of fire hits your butterfly!!
Your butterfly dies!
Your butterfly disappears in a burst of colours!
The bolt of fire hits your butterfly!!!
Your butterfly dies!
Your butterfly disappears in a burst of colours!
The bolt of fire hits you! You resist.
Unknown command.
You pick up the Orb of Zot!
The Orb lets out an ear-shattering shriek!
The lords of Pandemonium are not amused.
Beware!
Now all you have to do is get back out of the dungeon!
You hear a roar! x2; You hear a loud "Zot"!
The orb of fire glows red.
The fireball explodes!
The fireball engulfs the orb of fire.
The orb of fire completely resists.
The fireball engulfs your butterfly!!!!
Your butterfly dies!
Your butterfly disappears in a burst of colours!
The fireball engulfs your butterfly!!!
Your butterfly dies!
Your butterfly disappears in a burst of colours!
The fireball engulfs your butterfly!!!!
Your butterfly dies!
Your butterfly disappears in a burst of colours!
The fireball engulfs the orb of fire.
The orb of fire completely resists.
The fireball engulfs your yellow draconian zombie!!!!
The fireball engulfs the orb of fire.
The orb of fire completely resists.
As you read the scroll of teleportation, it crumbles to dust.
You feel strangely unstable.
You feel the Orb delaying your translocation!
You swap places.
You hear a loud "Zot"!
You swap places.
The Killer Klown tickles your yellow draconian zombie with a +8 club of pain!
You swap places.
You hear a loud "Zot"!
You enter a permanent teleport trap!
Your surroundings suddenly seem different.
As you read the scroll of teleportation, it crumbles to dust.
You feel strangely stable.
You see here a +11 club.
Things that are here:
a +10 club of flaming; a Killer Klown corpse
There is a stone staircase leading up here.
You fly upwards.
There is a stone staircase leading down here.
What level of the Dungeon? (default 15, ? - help)
Your extra speed is starting to run out.
You feel yourself slow down.
Things that are here:
a +0 cloak; a +0 dagger; a +0 cloak You see here a +0 flail.
There is an open door, spattered with blood here.
Things that are here:
a +0 cloak; a +3 great sword of holy wrath; a +0 long sword You see here a +0 cloak.
There is a stone staircase leading up here.
You fly upwards.
There is a stone staircase leading down, spattered with blood here.
There is an open door here.
There is a stone staircase leading up here.
You fly upwards.
Level annotation: 36 runed translucent doors
There is a stone staircase leading down here.
There is a stone staircase leading up here.
You fly upwards.
There is a stone staircase leading down here.
There is an open door here.
Your magical contamination has completely faded away.
There is an open door here.
A sun demon comes into view.
A sun demon comes into view.
The sun demon completely misses you.
You puncture the sun demon! x2
You headbutt the sun demon, but do no damage.
The sun demon is heavily wounded.
You hear a shout!
Your +8 quick blade of freezing glows with a cold blue light!
b - a +8 quick blade of freezing (weapon)
The sun demon misses you.
You hit the sun demon. You freeze the sun demon.
Your headbutt misses the sun demon. You hit the sun demon but do no damage.
You headbutt the sun demon, but do no damage.
The sun demon is heavily wounded.
You hear a shout!
The sun demon hits you.
You are engulfed in flames.
You resist.
A sun demon comes into view.
You closely miss the sun demon. Your headbutt misses the sun demon.
You completely miss the sun demon. Your headbutt misses the sun demon.
The sun demon is heavily wounded.
You hit the sun demon but do no damage. You closely miss the sun demon.
You headbutt the sun demon, but do no damage.
The sun demon is heavily wounded.
You start to feel less resistant.
You puncture the sun demon! You freeze the sun demon.
You headbutt the sun demon, but do no damage.
You closely miss the sun demon. You headbutt the sun demon.
The sun demon is almost dead.
You hear a shout!
A balrug comes into view. It is wielding a +0 demon whip.
You block the sun demon's attack. x2
You hit the sun demon but do no damage. x2; Your headbutt misses the sun demon.
The sun demon is almost dead.
You hit the sun demon. You freeze the sun demon.
You kill the sun demon!
Kikubaaqudgha accepts your kill. The sun demon completely misses you.
You barely miss the sun demon.
You headbutt the sun demon, but do no damage.
You hit the sun demon. You freeze the sun demon.
You headbutt the sun demon, but do no damage.
The sun demon is lightly wounded.
You hit the sun demon. You freeze the sun demon. You puncture the sun demon!
You freeze the sun demon! Your headbutt misses the sun demon.
The sun demon is severely wounded.
You block the sun demon's attack.
You puncture the sun demon! You freeze the sun demon.
You headbutt the sun demon, but do no damage.
You hit the sun demon but do no damage. You headbutt the sun demon.
The sun demon is almost dead.
The balrug gestures at you.
The fireball explodes!
The fireball engulfs the sun demon.
The sun demon completely resists.
The fireball engulfs you. You resist.
The fireball engulfs the balrug.
The balrug completely resists.
The sun demon completely misses you.
You hear a shout!
You puncture the sun demon! You freeze the sun demon.
You kill the sun demon!
Kikubaaqudgha accepts your kill. The balrug gestures at you.
The fireball explodes!
The fireball engulfs you. You resist. The sun demon completely misses you.
There is an open door here.
You puncture the balrug! You freeze the balrug! You hit the balrug.
You freeze the balrug. Your headbutt misses the balrug.
The balrug is moderately wounded.
The balrug misses you. The sun demon barely misses you.
You hit the balrug. You freeze the balrug. Your headbutt misses the balrug.
You puncture the balrug! You freeze the balrug.
The balrug is severely wounded.
You hit the balrug but do no damage. Your headbutt misses the balrug.
You puncture the balrug! You freeze the balrug.
The balrug is severely wounded.
Your resistance to elements expires.
The balrug gestures at you. The bolt of fire hits you. You resist.
The sun demon misses you.
You hit the balrug. You freeze the balrug. You headbutt the balrug.
You puncture the balrug! You freeze the balrug!
You kill the balrug!
Kikubaaqudgha accepts your kill. The sun demon completely misses you.
You hit the sun demon. You freeze the sun demon. You headbutt the sun demon.
You puncture the sun demon! You freeze the sun demon.
Your headbutt misses the sun demon.
The sun demon is heavily wounded.
You puncture the sun demon! You freeze the sun demon!
Your headbutt misses the sun demon. You barely miss the sun demon.
Your headbutt misses the sun demon.
The sun demon is severely wounded.
The sun demon closely misses you.
You closely miss the sun demon.
You headbutt the sun demon, but do no damage.
You hit the sun demon. You freeze the sun demon.
The sun demon is almost dead.
You hit the sun demon. You freeze the sun demon. You headbutt the sun demon.
You kill the sun demon!
Kikubaaqudgha accepts your kill.
No target in view!
What level of the Dungeon? (default 1, ? - help)
Okay, then.
Your +8 quick blade of freezing stops glowing.
A searing pain shoots up your arm!
a - a +9 quick blade of pain (weapon)
What level of the Dungeon? (default 1, ? - help) HP restored.
There is a gate leading back out of this place here.
You fly up through the gate.
Welcome back to the Depths!
There is a gate to the Realm of Zot here.
Things that are here:
+0 storm dragon scales; a storm dragon skeleton
Things that are here:
+0 gold dragon scales; a golden dragon skeleton
There is an open door here.
You see here a +0 plate armour.
There is an open door here.
There is a stone staircase leading up here.
You fly upwards.
There is a stone staircase leading down here.
There is a stone staircase leading up, spattered with blood here.
You fly upwards.
There is a stone staircase leading down here.
There is a stone staircase leading up here.
You fly upwards.
There is a stone staircase leading down here.
There is an entrance to Dahyhelous's Jewellery Shoppe here.
Things that are here:
a +0 robe; a +0 dagger
Things that are here:
a +0 animal skin; a +0 quarterstaff
There is a staircase back to the Dungeon here.
You fly upwards.
Welcome back to the Dungeon!
There is a staircase to the Depths here.
There is an open door here.
There is a stone staircase leading up here.
You fly upwards.
There is a stone staircase leading down here.
A green death comes into view.
There is a stone staircase leading up here.
The green death gestures at you. The blast of poison misses you.
You fly upwards.
There is a stone staircase leading down here.
What level of the Dungeon? (default 1, ? - help)
There is an open door here.
There is an open door here.
An Executioner comes into view.
The Executioner moves out of view.
What level of the Dungeon? (default 1, ? - help)
An Executioner and a large abomination come into view.
There is an open door here.
Blink to where?
Press: ? - help, Dir - move target
As you read the scroll of blinking, it crumbles to dust.
The Executioner gestures.
The Executioner seems to speed up.
You fly upwards.
There is a stone staircase leading down here.
What level of the Dungeon? (default 1, ? - help)
There is a stone staircase leading up here.
You fly upwards.
There is a stone staircase leading down here.
There is an open door here.
Items here: )) [[.
Items here: )) [ ÷.
There is an open door here.
A large abomination comes into view.
There is an open door here.
There is a stone staircase leading up here.
You fly upwards.
There is a stone staircase leading down here.
What level of the Dungeon? (default 1, ? - help)
There is a stone staircase leading up here.
You fly upwards.
There is a stone staircase leading down here.
Things that are here:
a +0 robe; a +0 mace
Items here: )) ÷÷÷÷÷.
You see here a +0 club.
There is an open door here.
There is a stone staircase leading up here.
You fly upwards.
There is a stone staircase leading down here.
There is a stone staircase leading up here.
You fly upwards.
A smoke demon comes into view.
There is a stone staircase leading down here.
The smoke demon gestures at you. The ball of steam hits you! You resist.
You hit the smoke demon. You headbutt the smoke demon. You hit the smoke demon.
Your headbutt misses the smoke demon.
The smoke demon is moderately wounded.
The smoke demon gestures at you. Something smites you!
You completely miss the smoke demon. You headbutt the smoke demon.
You hit the smoke demon. You headbutt the smoke demon.
The smoke demon is heavily wounded.
You hit the smoke demon but do no damage.
You closely miss the smoke demon.
The smoke demon is heavily wounded.
You block the smoke demon's attack.
The smoke demon completely misses you. x2
You puncture the smoke demon! x2
The smoke demon is almost dead.
You impale the smoke demon!!
You kill the smoke demon!
Kikubaaqudgha accepts your kill.
A hellephant comes into view.
The hellephant breathes flames at you. The blast of flame misses you.
You barely miss the hellephant. Your headbutt misses the hellephant.
You hit the hellephant but do no damage.
Your +8 quick blade of freezing glows with a cold blue light!
b - a +8 quick blade of freezing (weapon)
The hellephant misses you. The hellephant bites you.
The hellephant completely misses you.
You hit the hellephant. You freeze the hellephant.
Your headbutt misses the hellephant. You hit the hellephant.
You freeze the hellephant.
The hellephant is lightly wounded.
You hit the hellephant. You freeze the hellephant.
You hit the hellephant but do no damage.
You headbutt the hellephant, but do no damage.
The hellephant is lightly wounded.
The hellephant blinks!
A hellephant comes into view.
There is a stone staircase leading down here.
You closely miss the hellephant. You hit the hellephant.
You freeze the hellephant.
The hellephant is lightly wounded.
The hellephant breathes flames at you. The blast of flame misses you.
The hellephant blinks!
You feel yourself speed up.
The hellephant blinks!
Things that are here:
a +0 robe; a +0 whip
Things that are here:
a +0 spear; a gnoll skeleton
There is an open door here.
There is a stone staircase leading up here.
You fly upwards.
There is a stone staircase leading down here.
What level of the Dungeon? (default 1, ? - help)
A Hell Sentinel comes into view.
There is a stone staircase leading up here.
You fly upwards.
There is a stone staircase leading down here.
What level of the Dungeon? (default 1, ? - help)
There is a stone staircase leading up here.
You fly upwards.
There is a stone staircase leading down here.
There is a stone staircase leading up here.
You fly upwards.
There is a stone staircase leading down here.
Your extra speed is starting to run out.
There is a stone staircase leading up here.
You feel yourself slow down.
You fly upwards.
There is a stone staircase leading down here.
You see here a serpent talisman.
There is a stone staircase leading up here.
You fly upwards.
There is a stone staircase leading down here.
There is a staircase leading out of the dungeon here.
You have escaped!

###########
#....@....#
#.........#
#.#.....#.#
#.........#########
#.........##......#
#.#.....#.##......#
#.........##......#
#......%..##......####
#.#.....#.##.........#


There were no monsters in sight!

Vanquished Creatures
  the Royal Jelly (Slime:5)
  2 dread liches (Vaults:5)
  Mennas (Crypt:2)
  An ancient lich (Zot:5)
  3 orbs of fire (Zot:5)
  2 Killer Klowns (Zot:5)
  5 golden dragons
  2 curse toes
  Nikola (Swamp:3)
  Norris (Elf:3)
  4 bone dragons
  The ghost of bignoob the Sorcerer, an adept DECj of Vehumet (Vaults:2)
  2 electric golems
  Zenata (Crypt:3)
  2 walking divine tomes (Depths:4)
  4 tentacled monstrosities
  4 liches
  Asterion (Snake:1)
  13 Orb Guardians (Zot:5)
  A deep elf blademaster (Elf:3)
  2 deep elf master archers (Elf:3)
  9 quicksilver dragons
  2 titans (Vaults:5)
  2 tentacled starspawn (Abyss:3)
  2 walking frostbound tomes
  9 death cobs
  12 ancient champions
  10 acid blobs
  4 sphinxes
  5 shadow dragons
  4 tengu reavers
  A thorn hunter (Swamp:4)
  Aizul (Snake:1)
  12 storm dragons
  Agnes (Snake:1)
  11 azure jellies
  4 nagarajas
  4 rockslimes
  3 draconian knights
  4 draconian monks
  3 revenants
  A draconian shifter (Zot:4)
  4 fire giants
  4 deep elf sorcerers
  11 vault wardens
  An emperor scorpion (Crypt:2)
  A draconian scorcher (Zot:1)
  A balrug (Zot:1)
  5 iron dragons
  11 ghouls
  3 deep elf elementalists (Elf:3)
  8 frost giants
  A caustic shrike zombie (Depths:2)
  A curse skull (Crypt:3)
  A ghost moth (Zot:5)
  The ghost of Eklaxil the Scorcher, a journeyman DEBr of Vehumet (Elf:1)
  10 quicksilver oozes
  A draconian annihilator (Zot:4)
  3 draconian stormcallers
  A cacodemon (Abyss:1)
  13 ironbound preservers
  10 stone giants
  10 ironbound thunderhulks
  3 demonspawn corrupters (WizLab)
  2 orc warlords
  A spriggan defender (Depths:3)
  17 very ugly things
  4 formless jellyfish
  5 green draconians
  7 deep elf death magi
  2 eleionomae
  5 vampire knights
  8 black draconians
  Nessos (Orc:2)
  2 war gargoyles
  2 deep elf annihilators (Elf:3)
  9 spark wasps
  A minotaur (Gauntlet)
  10 purple draconians
  3 deep elf demonologists
  7 yellow draconians
  A bunyip (Swamp:3)
  8 white draconians
  7 red draconians
  2 eidola
  13 jiangshi
  2 acid blob zombies (Slime:5)
  11 ettins
  A blizzard demon (Depths:4)
  A mummy priest (Crypt:3)
  A crystal guardian (Vaults:3)
  6 fire dragons
  A quicksilver dragon zombie (Crypt:3)
  3 shambling mangroves
  A spriggan zombie (Depths:1)
  A merfolk javelineer (WizLab)
  4 deep elf high priests
  2 entropy weavers
  15 yaktaur captains
  The ghost of december12 the Carver, a journeyman BaAr of Beogh (D:10)
  5 great orbs of eyes
  18 vault guards
  The ghost of Dorkslayer the Cleaver, a journeyman MDFi of Gozag (Orc:1)
  11 hydras
  5 ice dragons
  2 ogre magi (Vaults:5)
  3 rakshasas
  2 hell beasts
  A spriggan air mage (Depths:1)
  3 catoblepae
  5 alligators
  12 centaur warriors
  A salamander tyrant (Snake:2)
  4 ghost crabs
  2 spriggan skeletons (Depths:1)
  10 ironbound frosthearts
  A death yak (Lair:5)
  11 dancing weapons
  3 death knights
  3 two-headed ogres
  12 anacondas
  4 boulder beetles
  A hell hog (Depths:1)
  An azure jelly zombie (Slime:5)
  6 deep troll shamans
  3 thrashing horrors (Abyss:3)
  10 vampire magi
  7 naga warriors
  A tengu warrior (D:13)
  7 shock serpents
  7 spriggan berserkers
  2 soul eaters
  A titan zombie (Depths:1)
  7 deep troll earth magi
  A shock serpent (shapeshifter) (Depths:3)
  4 sun demons
  2 occultists
  9 deep elf knights
  11 naga sharpshooters
  Nergalle (D:10)
  4 hell knights
  A skyshark (Lair:4)
  A golden dragon zombie (Crypt:3)
  A quicksilver dragon simulacrum (Depths:1)
  A sixfirhy (Abyss:3)
  6 iron trolls
  A wretched star (Abyss:3)
  A ghost moth zombie (Crypt:3)
  8 shadow wraiths
  7 swamp dragons
  Amaemon (D:11)
  3 goliath frogs
  5 glowing orange brains
  22 skeletal warriors
  5 bog bodies
  3 spriggan riders
  7 flayed ghosts
  36 deep trolls
  A bunyip skeleton (Crypt:3)
  8 arcanists
  4 spriggan druids
  16 deep elf archers
  A sun moth (shapeshifter) (Depths:3)
  7 naga ritualists
  An orb spider (shapeshifter) (Vaults:5)
  9 mana vipers
  5 necromancers
  9 phantasmal warriors
  An orange crystal statue (Gauntlet)
  An orc sorcerer (Orc:2)
  3 large abominations (Abyss:3)
  21 ironbound convokers
  3 orc knights
  3 lindwurms (Vaults:3)
  4 starcursed masses (Abyss:3)
  12 deep elf zephyrmancers
  25 deep elf pyromancers
  4 cyclopes
  3 will-o-the-wisps
  An oklob plant (Lair:5)
  34 ugly things
  7 manticores
  A faun (shapeshifter) (Depths:3)
  A frost giant zombie (Depths:2)
  5 salamanders
  3 worldbinders (WizLab)
  A manticore (shapeshifter) (Depths:2)
  A tengu skeleton (Depths:2)
  4 meliai
  5 guardian serpents
  A shining eye (Slime:3)
  2 elephants (Lair:5)
  A formless jellyfish zombie (Crypt:2)
  5 stone giant skeletons
  An eleionoma skeleton (Crypt:2)
  2 kobold blastminers (Orc:1)
  2 shock serpent zombies (Crypt:3)
  A dire elephant skeleton (Crypt:3)
  16 moths of wrath
  A titan simulacrum (Depths:2)
  11 naga magi
  39 black mambas
  17 vault sentinels
  A dire elephant zombie (Crypt:2)
  An eye of devastation (Vaults:2)
  A gargoyle (D:11)
  2 smoke demons
  An orange demon (D:11)
  2 rime drakes
  11 cane toads
  3 torpor snails
  2 storm dragon simulacra (Zot:3)
  3 kobold demonologists
  A yellow draconian zombie (Crypt:1)
  An elephant slug zombie (Crypt:1)
  A komodo dragon (shapeshifter) (Vaults:3)
  A minotaur zombie (Gauntlet)
  A tengu conjurer (D:14)
  10 freezing wraiths
  2 komodo dragons (Lair:4)
  4 human skeletons
  22 yaktaurs
  10 guardian mummies
  A naga skeleton (Abyss:3)
  2 elf skeletons
  2 yaktaur skeletons (Vaults:2)
  A redback zombie (Crypt:1)
  6 ancient zymes (Abyss:3)
  7 polar bears
  A sea snake skeleton (Crypt:1)
  5 trolls
  A queen bee (D:12)
  3 bloated husks
  A harpy zombie (Abyss:3)
  A queen bee (shapeshifter) (Vaults:5)
  Grinder (D:4)
  A raiju (shapeshifter) (D:14)
  A shadow dragon simulacrum (Zot:3)
  A tengu simulacrum (Depths:2)
  12 blink frogs
  4 tyrant leeches
  13 hornets
  10 raiju
  A death drake skeleton (Crypt:2)
  A hydra skeleton (Crypt:3)
  A glass eye (shapeshifter) (Depths:3)
  A harpy skeleton (Crypt:3)
  A fire dragon zombie (Crypt:2)
  5 glass eyes
  2 jumping spiders (Vaults:1)
  31 slime creatures
  2 dream sheep (shapeshifter) (Depths:3)
  A centaur simulacrum (D:14)
  11 spriggans
  A spriggan (shapeshifter) (D:13)
  2 ettin skeletons (Vaults:2)
  A ynoxinul (Abyss:3)
  2 air elementals
  2 wyverns
  8 wraiths
  6 water elementals
  5 slime creature zombies (Slime:5)
  4 vampires
  2 basilisks
  32 yaks
  3 golden eyes
  A steam dragon (D:5)
  A warg (Orc:2)
  3 neqoxecs
  A steam dragon (shapeshifter) (D:13)
  14 vampire mosquitoes
  A warg (shapeshifter) (D:15)
  A chaos spawn (Abyss:3)
  8 redbacks
  24 nagas
  A merfolk zombie (Crypt:2)
  8 swamp worms
  An acid dragon (D:10)
  An acid dragon (shapeshifter) (Elf:2)
  25 water moccasins
  A fire bat skeleton (Crypt:2)
  A glowing shapeshifter skeleton (Vaults:2)
  7 swamp drakes
  14 orc warriors
  A moth of wrath simulacrum (Zot:3)
  2 ice beasts
  A sky beast (D:7)
  2 black bears
  10 ogres
  9 wolves
  34 laughing skulls
  5 spriggan simulacra (Depths:3)
  A torpor snail zombie (Crypt:3)
  4 centaurs
  4 phantoms
  A weeping skull (Abyss:3)
  Blork the orc (D:5)
  A rime drake skeleton (Crypt:3)
  8 kobold brigands
  A gnoll sergeant (D:10)
  13 bullfrogs
  10 scorpions
  2 small abominations
  3 earth elementals
  12 wights
  9 killer bees
  6 howler monkeys
  3 centaur zombies
  A human simulacrum (Vaults:4)
  5 quasits
  13 orc priests
  2 bombardier beetles (D:4)
  2 centaur skeletons
  A hound (D:6)
  9 human zombies
  Crazy Yiuf (D:3)
  2 gnoll boudas
  Terence (D:2)
  Natasha (thrice) (D:3)
  3 iguanas (D:5)
  12 orc wizards
  7 scorpion zombies
  An acid dragon zombie (Crypt:1)
  6 ogre zombies (D:12)
  6 mummies
  5 adders
  10 gnolls
  3 shadow imps
  2 white imps
  10 ufetubi
  An iguana zombie (Crypt:1)
  An adder zombie (Ossuary)
  3 dart slugs
  2 ribbon worms
  44 orcs
  6 bats
  4 endoplasms
  5 giant cockroaches
  4 gnoll zombies
  9 goblins
  5 hobgoblins
  4 jackals
  3 quokkas
  7 ball pythons
  2 ball python zombies (Ossuary)
  2 frilled lizards
  2 gnoll skeletons (D:12)
  2 jackal zombies (Ossuary)
  37 kobolds
  4 orc skeletons (D:12)
  15 orc zombies
  A quokka zombie (Crypt:1)
  7 rats
  A lurking horror (Abyss:1)
  A starspawn tentacle (Abyss:3)
1857 creatures vanquished.

Vanquished Creatures (collateral kills)
  A dread lich (Zot:5)
  An ancient lich (Depths:4)
  2 orbs of fire (Zot:5)
  Josephina (Zot:3)
  A Killer Klown (Zot:5)
  3 golden dragons
  7 tentacled monstrosities
  Mlioglotl (Swamp:3)
  9 acid blobs
  2 quicksilver dragons
  4 titans (Vaults:5)
  9 Orb Guardians (Zot:5)
  A deep elf blademaster (Elf:3)
  A sphinx (Vaults:5)
  A tentacled starspawn (Abyss:3)
  A tengu reaver (Vaults:5)
  2 death cobs
  5 storm dragons
  3 shadow dragons
  Roxanne (Swamp:3)
  3 protean progenitors (Zot:5)
  2 azure jellies
  7 nagarajas
  5 draconian monks
  2 draconian knights (Zot:4)
  2 fire giants
  5 vault wardens
  4 draconian shifters
  2 deep elf sorcerers
  2 draconian scorchers (Zot:4)
  2 ghost moths
  2 iron dragons (Vaults:5)
  2 ghouls (Swamp:3)
  A deep elf elementalist (Elf:3)
  6 very ugly things
  A draconian stormcaller (Zot:5)
  A draconian annihilator (Zot:4)
  A quicksilver ooze (Slime:5)
  4 ironbound preservers
  A deep elf demonologist (Elf:3)
  3 stone giants
  3 ironbound thunderhulks
  A vampire knight (Depths:3)
  A deep elf annihilator (Vaults:5)
  3 green draconians
  A deep elf death mage (Vaults:5)
  An eleionoma (Swamp:2)
  2 black draconians (Zot:4)
  2 bunyips
  2 red draconians
  4 yellow draconians
  A war gargoyle (Vaults:5)
  4 white draconians
  3 purple draconians
  Snorg (Lair:5)
  7 ettins
  2 fire dragons
  An entropy weaver (Vaults:1)
  3 jiangshi (Depths:1)
  An entropy weaver (shapeshifter) (Vaults:5)
  5 rakshasas
  2 deep elf high priests (Vaults:5)
  3 great orbs of eyes
  2 ice dragons
  17 vault guards
  2 yaktaur captains
  2 salamander tyrants (Snake:4)
  9 hydras
  2 peacekeepers (Vaults:3)
  A boulder beetle (D:15)
  2 ogre magi
  4 alligators
  A catoblepas (Lair:5)
  2 anacondas
  2 centaur warriors
  A sphinx zombie (Depths:1)
  3 two-headed ogres
  4 deep troll shamans
  9 naga warriors
  2 deep troll earth magi
  4 death yaks (Lair:5)
  2 vampire magi
  11 naga sharpshooters
  6 shock serpents
  A deep elf knight (Elf:3)
  2 hell knights (Depths:1)
  4 spriggan berserkers
  A sun demon (Abyss:3)
  A salamander mystic (Snake:4)
  A sixfirhy (Gauntlet)
  A fire crab (Lair:5)
  3 skysharks
  13 deep trolls
  4 iron trolls
  A goliath frog (Swamp:4)
  A glowing orange brain (Slime:5)
  2 spriggan druids
  A shadow demon (Depths:2)
  3 naga ritualists
  3 arcanists
  2 swamp dragons
  2 flayed ghosts (Depths:3)
  3 deep elf archers
  5 mana vipers
  7 bog bodies
  5 phantasmal warriors
  A deep elf zephyrmancer (Elf:1)
  4 deep elf pyromancers (Elf:3)
  A harpy (shapeshifter) (D:14)
  4 ironbound convokers
  3 lindwurms (Vaults:1)
  An orc sorcerer (Orc:2)
  A will-o-the-wisp (Swamp:2)
  10 cyclopes
  A worldbinder (WizLab)
  23 ugly things
  3 elephants (Lair:5)
  4 salamanders
  2 shining eyes (Slime:5)
  8 moths of wrath
  2 manticores
  17 black mambas
  A kobold blastminer (Orc:1)
  2 meliai (D:14)
  3 guardian serpents
  A torpor snail (Zot:5)
  3 vault sentinels
  A water nymph (shapeshifter) (Vaults:5)
  12 naga magi
  An eye of devastation (Gauntlet)
  A storm dragon simulacrum (Zot:3)
  3 cane toads (Lair:5)
  A komodo dragon (Lair:2)
  A tengu conjurer (D:13)
  16 yaktaurs
  2 freezing wraiths (Vaults:5)
  An unseen horror skeleton (Crypt:2)
  A tengu simulacrum (Depths:1)
  A polar bear (Lair:4)
  A bloated husk (Swamp:3)
  4 hornets
  A troll (Orc:2)
  2 tyrant leeches (Swamp:3)
  A glass eye (Slime:5)
  2 raiju (Abyss:3)
  6 blink frogs
  A culicivora (shapeshifter) (D:14)
  14 slime creatures
  An ettin skeleton (Depths:1)
  7 spriggans
  3 yaks (Lair:5)
  A redback (Elf:3)
  A starcursed mass (Abyss:3)
  2 vampire mosquitoes (Swamp:4)
  A warg (Orc:1)
  A fire elemental (Elf:1)
  A small abomination (Abyss:3)
  26 nagas
  10 swamp worms
  6 water moccasins
  6 orc warriors
  7 swamp drakes
  A laughing skull (D:13)
  A boggart (D:14)
  3 ogres
  3 wolves
  A bullfrog (Lair:4)
  A human zombie (Vaults:4)
  2 kobold brigands (D:14)
  2 killer bees (D:12)
  A howler monkey (D:7)
  6 orc priests
  3 orc wizards
  A gnoll (D:7)
  A shadow imp (D:7)
  13 orcs
  2 jackals
  A frilled lizard (D:3)
  2 starspawn tentacles (Abyss:3)
606 creatures vanquished.

Vanquished Creatures (others)
  An orb of fire (Zot:4)
  4 golden dragons
  A titan (Vaults:5)
  An acid blob (Slime:5)
  2 quicksilver dragons
  3 storm dragons
  A shadow dragon (Zot:4)
  A tengu reaver (Vaults:5)
  2 draconian monks (Zot:4)
  An azure jelly (Slime:5)
  2 nagarajas
  A rockslime (Slime:5)
  A draconian knight (Zot:4)
  A draconian scorcher (Zot:4)
  2 Killer Klown zombies (Zot:5)
  2 quicksilver oozes (Slime:5)
  A demonspawn blood saint (Abyss:3)
  A rockslime zombie (Slime:5)
  A demonspawn black sun (Abyss:3)
  A yellow draconian (Zot:4)
  3 eleionomae
  2 purple draconians
  A white draconian (Zot:5)
  2 acid blob zombies (Slime:5)
  4 quicksilver dragon zombies
  A salamander tyrant (Snake:4)
  3 yaktaur captains
  An alligator (Swamp:2)
  3 anacondas
  A two-headed ogre (D:14)
  An alligator snapping turtle (Abyss:3)
  A centaur warrior (D:13)
  2 tengu warriors
  A sphinx zombie (Vaults:3)
  A naga warrior (Snake:4)
  2 quicksilver ooze zombies (Slime:5)
  3 titan zombies (Vaults:5)
  A shock serpent (Snake:4)
  3 naga sharpshooters (Snake:4)
  8 storm dragon zombies
  An emperor scorpion zombie (Crypt:2)
  A spriggan (Swamp:3)
  A mana viper (Snake:4)
  2 goliath frogs (Swamp:3)
  6 spark wasp zombies
  4 golden dragon zombies
  A spriggan rider (Swamp:3)
  A swamp dragon (Swamp:4)
  An orc knight (Orc:2)
  5 anaconda zombies
  3 ghost moth zombies
  A lindwurm (Vaults:5)
  A necromancer (Crypt:2)
  5 shadow dragon zombies
  A harpy (Vaults:5)
  3 dancing weapons
  A deep elf zephyrmancer (Elf:1)
  An iron dragon zombie (Vaults:5)
  An alligator zombie (Swamp:3)
  6 ugly thing zombies
  13 draconian zombies
  2 goliath frog zombies
  A fire giant zombie (Vaults:5)
  2 cyclopes
  4 stone giant zombies
  2 eleionoma zombies (Swamp:4)
  An elephant (shapeshifter) (WizLab)
  9 moths of wrath
  3 centaur zombies
  A manticore (shapeshifter) (WizLab)
  3 shock serpent zombies
  3 mana viper zombies
  4 black mambas (Snake:4)
  A demonspawn zombie (Abyss:3)
  3 naga magi (Snake:4)
  An orb spider zombie (Vaults:5)
  5 yellow draconian zombies
  3 swamp worm zombies (Swamp:4)
  8 purple draconian zombies
  2 white draconian zombies
  4 green draconian zombies
  A catoblepas zombie (Lair:5)
  6 black draconian zombies
  4 red draconian zombies
  8 redback zombies (Elf:3)
  A yaktaur (D:13)
  A harpy zombie (Vaults:5)
  2 bloated husks
  A hornet (Swamp:3)
  A great orb of eyes zombie (Vaults:5)
  3 hydra zombies
  A polar bear (shapeshifter) (D:15)
  16 moth of wrath zombies
  A tyrant leech (Swamp:3)
  3 meliai zombies (D:14)
  A fire dragon zombie (Depths:2)
  2 ettin zombies
  2 ice dragon zombies
  2 slime creatures
  2 guardian serpent zombies
  23 black mamba zombies
  5 slime creature zombies
  A basilisk (D:13)
  A tyrant leech zombie (Swamp:4)
  A nameless horror (Zot:4)
  A warg (Orc:2)
  A chaos spawn (Abyss:3)
  7 deep troll zombies
  3 tengu zombies
  2 nagas (Snake:4)
  2 two-headed ogre zombies
  3 cane toad zombies (Lair:5)
  A black bear (shapeshifter) (D:13)
  2 hornet zombies
  A swamp drake (Swamp:3)
  13 elf zombies
  A swamp dragon zombie (Swamp:4)
  2 blink frog zombies (Lair:5)
  An ogre (Orc:1)
  2 manticore zombies
  A lindwurm zombie (Vaults:5)
  A komodo dragon zombie (Lair:4)
  A rime drake zombie (Lair:5)
  13 human zombies
  A brain worm (shapeshifter) (D:15)
  4 cyclops zombies
  8 yaktaur zombies
  3 warg zombies
  3 salamander zombies
  6 water moccasin zombies
  21 naga zombies
  A troll zombie (D:13)
  6 yak zombies (Lair:5)
  7 spriggan zombies
  A basilisk zombie (D:13)
  A bullfrog zombie (Lair:4)
  A black bear zombie (D:13)
  A boggart zombie (D:14)
  6 ogre zombies
  3 kobold zombies
  A swamp drake zombie (Swamp:3)
  A steam dragon zombie (D:13)
  A ribbon worm (D:13)
  A jackal zombie (D:5)
  A kobold (D:10)
  35 orc zombies
  7 foxfires
  7 fulminant prisms
  9 starspawn tentacles (Abyss:3)
478 creatures vanquished.

Grand Total: 2941 creatures vanquished

Notes
Turn   | Place    | Note
-------+----------+-------------------------------------------
     0 | D:1      | jagoly the Spriggan Necromancer began the quest for the
                  | Orb.
     0 | D:1      | Reached XP level 1. HP: 9/9 MP: 5/5
   178 | D:1      | Found a faded altar of an unknown god.
   178 | D:1      | Noticed a smoke demon
   197 | D:1      | Reached XP level 2. HP: 13/13 MP: 2/7
   302 | D:1      | Reached skill level 4 in Necromancy
   765 | D:2      | Reached XP level 3. HP: 16/16 MP: 5/8
   883 | D:2      | Noticed Terence
   897 | D:2      | Killed Terence
   898 | D:2      | Reached skill level 5 in Necromancy
   898 | D:2      | Reached XP level 4. HP: 21/21 MP: 1/9
  1422 | D:3      | Noticed Natasha
  1803 | D:4      | Noticed a black bear
  1841 | D:4      | Reached XP level 5. HP: 18/24 MP: 10/10
  2013 | D:4      | Reached skill level 6 in Necromancy
  2142 | D:4      | Noticed Grinder
  2231 | D:4      | Reached XP level 6. HP: 28/28 MP: 7/14
  2436 | D:4      | Reached skill level 5 in Spellcasting
  2707 | D:5      | Entered Level 5 of the Dungeon
  2729 | D:5      | Found Joit's General Store.
  2734 | D:5      | Bought a potion of heal wounds for 75 gold pieces
  2826 | D:5      | Reached skill level 1 in Fighting
  2826 | D:5      | Reached XP level 7. HP: 33/33 MP: 8/17
  2866 | D:5      | Learned a level 4 spell: Animate Dead
  3007 | D:5      | Found a sand-covered staircase.
  3061 | Ossuary  | Entered an ossuary
  3101 | Ossuary  | Reached skill level 1 in Short Blades
  3519 | Ossuary  | Reached XP level 8. HP: 38/40 MP: 18/18
  3775 | Ossuary  | Reached skill level 5 in Short Blades
  4500 | D:6      | Found a staircase to the Ecumenical Temple.
  4506 | Temple   | Entered the Ecumenical Temple
  5102 | D:5      | Noticed Blork the orc
  5456 | D:3      | Killed Natasha
  5509 | D:3      | Found an iron altar of Okawaru.
  5649 | D:3      | Found a runed translucent door.
  5650 | D:3      | Noticed Crazy Yiuf
  5678 | D:3      | Killed Crazy Yiuf
  5679 | D:3      | Reached XP level 9. HP: 44/44 MP: 15/19
  5852 | D:3      | Noticed Natasha
  5857 | D:3      | Killed Natasha
  5928 | D:3      | Noticed Natasha
  5933 | D:3      | Killed Natasha
  6147 | D:4      | Learned a level 3 spell: Vampiric Draining
  6214 | D:5      | Learned a level 5 spell: Curse of Agony
  6236 | D:5      | Reached skill level 10 in Short Blades
  6253 | D:5      | Killed Blork the orc
  6466 | D:7      | Found a sparkling altar of Nemelex Xobeh.
  6470 | D:7      | Found a stormy altar of Qazlal.
  6471 | D:7      | Found a sacrificial altar of Ru.
  6471 | D:7      | Found a bloodstained altar of Trog.
  6508 | D:7      | Found a flagged portal.
  6737 | Bailey   | Entered a bailey
  6769 | Bailey   | Noticed an orc warlord
  7031 | Bailey   | Found a runed translucent gate.
  7033 | Bailey   | Found a runed translucent gate.
  7035 | Bailey   | Found a runed translucent gate.
  7082 | Bailey   | Reached skill level 7 in Necromancy
  7161 | Bailey   | Acquired a +2 quick blade of draining
  7174 | D:7      | Found a snail-covered altar of Cheibriados.
  7715 | D:8      | Identified the +3 ring mail of the Great Game {Str+4}
  7742 | D:8      | Reached skill level 8 in Necromancy
  7852 | D:8      | Found a shimmering altar of Xom.
  8018 | D:8      | Reached skill level 5 in Dodging
  8018 | D:8      | Reached XP level 10. HP: 47/48 MP: 23/23
  8542 | D:8      | Reached skill level 5 in Stealth
  8700 | D:8      | Found a blossoming altar of Fedhas.
  9067 | D:9      | Reached skill level 5 in Fighting
  9282 | D:9      | Noticed a two-headed ogre
  9420 | D:9      | Found a shimmering blue altar of Sif Muna.
  9420 | D:9      | Found an ancient bone altar of Kikubaaqudgha.
  9437 | D:9      | Became a worshipper of Kikubaaqudgha
  9577 | D:9      | Found a staircase to the Lair.
  9982 | D:10     | Entered Level 10 of the Dungeon
 10158 | D:9      | Killed a two-headed ogre
 11069 | D:10     | Found a transporter.
 11092 | D:10     | Reached XP level 11. HP: 55/56 MP: 24/24
 11094 | D:10     | Reached * piety under Kikubaaqudgha
 11094 | D:10     | Received a gift from Kikubaaqudgha
 11095 | D:10     | Noticed Nergalle
 11107 | D:10     | Noticed december12's ghost (journeyman BaAr)
 11277 | D:10     | Found a transporter.
 11291 | D:10     | Found Nymeutot's Distillery.
 11345 | D:10     | Noticed a cyan ugly thing
 11727 | D:9      | Killed a green ugly thing
 11802 | D:10     | Killed Nergalle
 12189 | D:4      | Killed Grinder
 12317 | D:11     | Noticed Amaemon
 12334 | D:11     | Killed Amaemon
 13199 | D:11     | Upgraded the game from 0.32-a0-351-gc6a9d31 to
                  | 0.32-a0-357-g3fb9450
 13261 | Lair:1   | Entered Level 1 of the Lair of Beasts
 13389 | Lair:1   | Reached ** piety under Kikubaaqudgha
 14040 | Lair:1   | Reached skill level 9 in Necromancy
 14045 | Lair:1   | Reached skill level 1 in Alchemy
 14142 | Lair:1   | You fall into a shaft and drop 1 floor!
 14372 | Lair:2   | Reached XP level 12. HP: 61/61 MP: 21/26
 14540 | Lair:2   | Reached skill level 5 in Alchemy
 14671 | Lair:2   | Learned a level 4 spell: Olgreb's Toxic Radiance
 14758 | Lair:2   | Found a staircase to the Snake Pit.
 15416 | Lair:3   | Identified the +1 ring mail of Othoveqot {Str+3 Int+2}
 15465 | Lair:3   | Noticed a catoblepas
 15738 | Lair:3   | Killed a catoblepas
 15997 | Lair:3   | HP: 3/61 [poisoned by a black mamba]
 16372 | Lair:3   | Reached skill level 1 in Throwing
 16944 | Lair:4   | Acquired 1105 gold pieces
 16973 | Lair:4   | Found a staircase to the Slime Pits.
 16974 | Lair:4   | Found a viscous altar of Jiyva.
 17103 | Lair:4   | Reached *** piety under Kikubaaqudgha
 17103 | Lair:4   | Received a gift from Kikubaaqudgha
 17104 | Lair:4   | Reached skill level 10 in Spellcasting
 17202 | Lair:4   | Reached skill level 10 in Necromancy
 17675 | Lair:4   | Learned a level 4 spell: Dispel Undead
 17682 | Lair:4   | Learned a level 6 spell: Death Channel
 17685 | Lair:5   | Entered Level 5 of the Lair of Beasts
 17918 | Lair:5   | Noticed a six-headed hydra
 18073 | Lair:5   | Found a transporter.
 18073 | Lair:5   | Noticed 1lSu2w's ghost (journeyman OnAE)
 18080 | Lair:5   | Reached XP level 13. HP: 65/65 MP: 20/28
 18386 | Lair:5   | Reached **** piety under Kikubaaqudgha
 18549 | Lair:5   | Noticed Snorg
 18578 | Lair:5   | Found a transporter.
 19051 | Lair:5   | Killed Snorg
 19052 | Lair:5   | Reached skill level 11 in Necromancy
 19784 | Lair:5   | Reached skill level 12 in Necromancy
 19784 | Lair:5   | Reached skill level 1 in Evocations
 20534 | D:5      | Bought a scroll of vulnerability for 60 gold pieces
 20656 | D:10     | Bought a potion of ambrosia for 104 gold pieces
 20656 | D:10     | Bought a potion of lignification for 39 gold pieces
 20791 | D:12     | Found a staircase to the Orcish Mines.
 20945 | D:12     | Reached skill level 10 in Alchemy
 21240 | D:12     | Reached ***** piety under Kikubaaqudgha
 21506 | Orc:1    | Entered Level 1 of the Orcish Mines
 21508 | Orc:1    | Found a transporter.
 21522 | Orc:1    | Noticed Dorkslayer's ghost (journeyman MDFi)
 21560 | Orc:1    | Reached XP level 14. HP: 29/70 MP: 27/31
 21588 | Orc:1    | Found a transporter.
 21618 | Orc:1    | Killed Dorkslayer's ghost
 21878 | Orc:2    | Entered Level 2 of the Orcish Mines
 21962 | Orc:2    | Found Xeseoss's Antique Armour Shop.
 21963 | Orc:2    | Noticed a stone giant
 21970 | Orc:2    | Killed a stone giant
 22050 | Orc:2    | Found Ifoevvor's Jewellery Shop.
 22136 | Orc:2    | Found a staircase to the Elven Halls.
 22144 | Orc:2    | Noticed Nessos
 22168 | Orc:2    | Killed Nessos
 22185 | Orc:2    | Found Mucomp's Antique Weapon Boutique.
 22351 | Orc:2    | Found Tiekaod's General Store.
 22633 | Orc:2    | Bought a glowing hat for 217 gold pieces
 22638 | Orc:2    | Upgraded the game from 0.32-a0-357-g3fb9450 to
                  | 0.32-a0-360-gcd93b57
 22657 | Orc:2    | Bought a potion of degeneration for 15 gold pieces
 22699 | Orc:2    | Learned a level 2 spell: Sublimation of Blood
 22699 | Orc:2    | Bought an amulet of regeneration for 390 gold pieces
 22714 | Orc:2    | Learned a level 3 spell: Tukima's Dance
 22785 | Orc:1    | Reached skill level 1 in Hexes
 23271 | D:13     | Learned a level 5 spell: Borgnjor's Vile Clutch
 23398 | D:13     | Reached skill level 1 in Earth Magic
 23434 | D:13     | Reached skill level 13 in Necromancy
 24628 | D:14     | Reached skill level 5 in Earth Magic
 24836 | D:14     | Reached XP level 15. HP: 42/73 MP: 20/34
 24921 | D:14     | Found Papohueg's Distillery.
 24927 | D:14     | Bought a potion of brilliance for 52 gold pieces
 24927 | D:14     | Bought a potion of might for 52 gold pieces
 25114 | D:14     | Reached skill level 14 in Necromancy
 25280 | D:14     | Identified the +1 ring mail "Hiaceudd" {Harm rPois Dex+2
                  | SInv}
 25617 | D:14     | Found a gate to the Vaults.
 25673 | D:15     | Entered Level 15 of the Dungeon
 25825 | D:15     | Found a gate leading to a gauntlet.
 25861 | D:15     | Reached skill level 10 in Dodging
 25878 | D:15     | Found a staircase to the Depths.
 26100 | D:15     | Found a shimmering blue altar of Sif Muna.
 26157 | Gauntlet | Entered a Gauntlet
 26157 | Gauntlet | Found a transporter.
 26164 | Gauntlet | Found a transporter.
 26167 | Gauntlet | Found a transporter.
 26168 | Gauntlet | Found a transporter.
 26177 | Gauntlet | Found a transporter.
 26179 | Gauntlet | Found a transporter.
 26180 | Gauntlet | Found a transporter.
 26191 | Gauntlet | Found a transporter.
 26191 | Gauntlet | Found a transporter.
 26192 | Gauntlet | Found a transporter.
 26203 | Gauntlet | Found a transporter.
 26204 | Gauntlet | Found a transporter.
 26210 | Gauntlet | Found a runed translucent gate.
 26210 | Gauntlet | Found a runed translucent gate.
 26210 | Gauntlet | Found a runed translucent gate.
 26212 | Gauntlet | Found a transporter.
 26237 | Gauntlet | Found a transporter.
 26360 | Gauntlet | Identified the +6 shortbow of the Snake Pit {flame, Dex+3}
 26425 | Gauntlet | Learned a level 4 spell: Fulminant Prism
 26747 | Gauntlet | Identified the +0 hat of the Eternal Fruit {Will++ Int+2
                  | Dex+5}
 26859 | Gauntlet | Reached skill level 1 in Conjurations
 26993 | Gauntlet | Identified the ring of the Muttering Genius {rElec rPois
                  | rC- rCorr Str+4}
 27771 | Elf:1    | Entered Level 1 of the Elven Halls
 27897 | Elf:1    | Found a runed translucent door.
 27897 | Elf:1    | Noticed Eklaxil's ghost (journeyman DEBr)
 28682 | Elf:1    | Reached XP level 16. HP: 83/84 MP: 24/35
 28778 | Elf:1    | Killed Eklaxil's ghost
 28818 | Elf:2    | Found a transporter.
 28819 | Elf:2    | Found a transporter.
 28838 | Elf:2    | Found a transporter.
 28839 | Elf:2    | Reached ****** piety under Kikubaaqudgha
 28850 | Elf:2    | Identified a +7 quick blade of pain (a +5 quick blade of
                  | draining bloodied by Kikubaaqudgha)
 28850 | Elf:2    | Received a gift from Kikubaaqudgha
 28933 | Elf:2    | Found a transporter.
 28942 | Elf:2    | Reached skill level 10 in Fighting
 28974 | Elf:2    | Found a transporter.
 29142 | Elf:2    | Found a transporter.
 29160 | Elf:2    | Reached skill level 10 in Stealth
 29997 | Elf:2    | Found a huge runed translucent gate.
 29997 | Elf:2    | Found a huge runed translucent gate.
 29997 | Elf:2    | Found a huge runed translucent gate.
 29997 | Elf:2    | Found a huge runed translucent gate.
 30001 | Elf:2    | Found a huge runed translucent gate.
 30517 | D:10     | Killed december12's ghost
 30531 | D:10     | Reached skill level 1 in Shields
 30937 | Lair:3   | Found a staircase to the Swamp.
 31118 | Snake:1  | Entered Level 1 of the Snake Pit
 31236 | Snake:1  | Noticed Agnes
 31244 | Snake:1  | Killed Agnes
 31273 | Snake:1  | Found Unurgh's Distillery.
 31274 | Snake:1  | Found Weni's Armour Shop.
 31296 | Snake:1  | Found Exuuppul's Weapon Shop.
 31296 | Snake:1  | Found Gokomui's Magic Scroll Emporium.
 31447 | Snake:1  | Reached skill level 5 in Shields
 31478 | Snake:1  | Noticed Asterion
 31496 | Snake:1  | Killed Asterion
 31895 | Snake:1  | Identified the serpent talisman "Cirid" {rF+ Str+2 Slay+2}
 31895 | Snake:1  | Noticed Aizul
 31905 | Snake:1  | Killed Aizul
 32141 | Snake:2  | Reached skill level 5 in Evocations
 32370 | Snake:2  | Reached XP level 17. HP: 89/89 MP: 26/36
 32468 | Snake:2  | Identified the +7 shortbow of Due Proportion {drain, rPois}
 32764 | Snake:2  | Found Roraguxto's Overcharged Wands.
 33047 | Snake:2  | Identified the ring of Ru's Reproof {rPois rC+ Int-4 Dex+6}
 33424 | Snake:3  | Reached skill level 10 in Evocations
 34192 | Snake:4  | Entered Level 4 of the Snake Pit
 34215 | Snake:4  | Found Kangalae's Antique Armour Emporium.
 34242 | Snake:4  | Reached skill level 10 in Earth Magic
 34382 | Snake:4  | Found a flickering gateway to a bazaar.
 34535 | Snake:4  | Found Adosam's Weapon Shop.
 34573 | Bazaar   | Entered a bazaar
 34573 | Bazaar   | Found Otyasti's Antique Weapon Emporium.
 34573 | Bazaar   | Found Yzigikam's General Store.
 34573 | Bazaar   | Found Tawil's Book Shoppe.
 34575 | Bazaar   | Found Raiq's Assorted Antiques.
 34575 | Bazaar   | Found Joch's Armour Shoppe.
 34617 | Bazaar   | Bought a smoking amethyst amulet for 155 gold pieces
 34617 | Bazaar   | Identified the amulet "West" {Faith Int+5} (You bought it
                  | in a shop in a bazaar)
 34620 | Bazaar   | Bought 2 potions of haste for 200 gold pieces
 34620 | Bazaar   | Bought a potion of mutation for 80 gold pieces
 34620 | Bazaar   | Bought a potion of haste for 100 gold pieces
 34620 | Bazaar   | Bought a wand of digging (5) for 210 gold pieces
 34631 | Bazaar   | Bought a manual of Dodging for 880 gold pieces
 34642 | Bazaar   | Bought a scroll of identify for 20 gold pieces
 34798 | Snake:4  | Found Alijewk's Weapon Shop.
 35132 | Snake:4  | Reached XP level 18. HP: 95/95 MP: 11/37
 35272 | Snake:4  | Got a serpentine rune of Zot
 35496 | Snake:4  | Bought a glowing buckler for 247 gold pieces
 35604 | Snake:1  | Bought a scroll of fear for 68 gold pieces
 35604 | Snake:1  | Bought a scroll of fear for 68 gold pieces
 35604 | Snake:1  | Bought a scroll of vulnerability for 68 gold pieces
 35617 | Snake:1  | Bought a potion of mutation for 160 gold pieces
 35617 | Snake:1  | Bought 2 potions of curing for 120 gold pieces
 35617 | Snake:1  | Bought a potion of curing for 60 gold pieces
 35617 | Snake:1  | Bought a potion of cancellation for 160 gold pieces
 35617 | Snake:1  | Bought a potion of mutation for 160 gold pieces
 35617 | Snake:1  | Bought a potion of magic for 160 gold pieces
 35617 | Snake:1  | Bought a potion of brilliance for 80 gold pieces
 35617 | Snake:1  | Bought a potion of brilliance for 80 gold pieces
 35711 | Swamp:1  | Entered Level 1 of the Swamp
 35901 | Swamp:1  | Reached skill level 15 in Dodging
 36461 | Swamp:2  | Identified the +1 chain mail of Caddium {Str+4}
 36862 | Swamp:3  | Noticed Nikola
 36876 | Swamp:3  | Killed Nikola
 36962 | Swamp:3  | Identified the +0 robe of the Poles {rC- rN++ Str+4 Dex+2}
 37095 | Swamp:3  | Noticed Roxanne
 37120 | Swamp:3  | Killed Roxanne
 37176 | Swamp:3  | Noticed Mlioglotl
 37188 | Swamp:3  | Killed Mlioglotl
 37616 | Swamp:4  | Entered Level 4 of the Swamp
 37705 | Swamp:4  | Identified the +3 leather armour of Pamanoisk {Will+ Int+3
                  | Slay+5}
 37844 | Swamp:4  | Identified the +0 morningstar of Suocishro {freeze, +Blink
                  | rF- Will++ rCorr}
 38046 | Swamp:4  | Reached XP level 19. HP: 90/102 MP: 32/38
 38062 | Swamp:4  | Got a mossy gem with 155 turns to spare
 38065 | Swamp:4  | Got a decaying rune of Zot
 38258 | Swamp:4  | Lost the mossy gem through the power of Zot.
 38756 | Elf:2    | Learned a level 5 spell: Yara's Violent Unravelling
 38760 | Elf:3    | Entered Level 3 of the Elven Halls
 38764 | Elf:3    | Identified the +6 dagger of the Lumpy Spines {freeze,
                  | *Corrode rN+ MP+9 Str+7}
 38964 | Elf:3    | Reached skill level 5 in Hexes
 38980 | Elf:3    | Noticed Norris
 39008 | Elf:3    | Killed Norris
 40608 | Elf:3    | Identified the staff of Atiriric {rF+ rCorr Dex-2 Tloc
                  | Fire}
 40948 | Elf:3    | Identified the +0 orcbow of Trauma {flame, rPois rC+ Str-4
                  | Int+3}
 41200 | Elf:3    | Got the Quarto of Ouranomancy
 41254 | Elf:3    | Identified the +4 plate armour of the Three Ships {rElec
                  | rC+ Stlth+}
 41346 | Elf:3    | Got Toek Ceo's Tractate on Arrival
 41353 | Elf:3    | Identified the +8 shortbow of the Eleven Cities {freeze,
                  | rPois rC- Str+6 Dex+3}
 41355 | Elf:3    | Identified the +5 sling of Gallantry {drain, rElec}
 41364 | Elf:3    | Identified the staff of the Brewing Genius {rPois Int+2
                  | Alchemy}
 41757 | Lair:4   | Learned a level 4 spell: Ignite Poison
 41938 | Vaults:1 | Entered Level 1 of the Vaults
 41969 | Vaults:1 | Reached skill level 1 in Fire Magic
 42219 | Vaults:1 | Found Qovomu's Weapon Boutique.
 42401 | Vaults:1 | Found Ysyorghuywn's General Store.
 42410 | Vaults:1 | Got Appext's Spellbook of Charms
 42638 | Vaults:1 | Reached skill level 15 in Spellcasting
 42756 | Vaults:1 | Found Saemeimm's Armour Emporium.
 42760 | Vaults:1 | Found Luymooru's Antique Armour Shop.
 42911 | Vaults:2 | Found a runed translucent gate.
 42911 | Vaults:2 | Found a runed translucent gate.
 42911 | Vaults:2 | Found a runed translucent gate.
 42911 | Vaults:2 | Noticed bignoob's ghost (adept DECj)
 42929 | Vaults:2 | Reached XP level 20. HP: 111/111 MP: 21/40
 43607 | Vaults:2 | Found a staircase to the Crypt.
 43987 | Vaults:2 | Identified the +2 arbalest of the Ethereal God {drain,
                  | rPois Str+6}
 44559 | Vaults:2 | Found a viscous altar of Jiyva.
 44569 | Vaults:2 | Killed bignoob's ghost
 45373 | Vaults:3 | Reached skill level 15 in Necromancy
 45373 | Vaults:3 | Reached XP level 21. HP: 105/115 MP: 22/44
 45771 | Vaults:3 | Learned a level 4 spell: Anguish
 45987 | Vaults:4 | Found a magical portal.
 46005 | WizLab   | Entered Alistair's Party Mansion
 46129 | WizLab   | Noticed a golden dragon
 46133 | WizLab   | Reached skill level 16 in Necromancy
 46151 | WizLab   | Got the Essays on Stormy Earth
 46202 | WizLab   | Noticed a golden dragon
 46224 | WizLab   | Got the Octavo of the Panacea
 46293 | WizLab   | Learned a level 1 spell: Apportation
 46304 | WizLab   | Reached skill level 1 in Translocations
 46904 | Vaults:4 | Reached skill level 17 in Necromancy
 47840 | Crypt:1  | Entered Level 1 of the Crypt
 48476 | Crypt:1  | Reached skill level 18 in Necromancy
 48994 | Crypt:2  | Noticed Mennas
 49027 | Crypt:2  | Killed Mennas
 49270 | Crypt:2  | Reached XP level 22. HP: 109/120 MP: 0/45
 49366 | Crypt:2  | Identified the +0 robe of Hubris {rPois rN++}
 49774 | Crypt:2  | Reached skill level 19 in Necromancy
 49972 | Crypt:3  | Entered Level 3 of the Crypt
 50601 | Crypt:3  | Noticed Zenata
 50618 | Crypt:3  | Killed Zenata
 51152 | Crypt:3  | Found a staircase to the Tomb.
 51159 | Crypt:3  | Reached skill level 20 in Necromancy
 51452 | Crypt:3  | Found a basalt altar of Yredelemnul.
 51477 | Crypt:3  | Noticed a curse toe
 51558 | Crypt:3  | Acquired Great Wizards, Vol. II
 51676 | Crypt:3  | Killed a curse toe
 51698 | Crypt:3  | Found an ancient bone altar of Kikubaaqudgha.
 51743 | Crypt:3  | Identified the +1 shortbow "Nacvuz" {drain, +Blink rElec
                  | Str-5}
 52368 | Slime:1  | Entered Level 1 of the Pits of Slime
 52676 | Slime:5  | Entered Level 5 of the Pits of Slime
 52749 | Slime:5  | Found the +0 pair of fencer's gloves {Riposte Dex+3}
 52750 | Slime:5  | Noticed the Royal Jelly
 52781 | Slime:5  | Killed the Royal Jelly
 52854 | Slime:5  | Identified the +4 rapier of the Scorching Boar {venom, rF+
                  | SInv}
 52880 | Slime:5  | Identified the ring of Moodiness {Fly rElec rF+ Slay+3}
 52883 | Slime:5  | Got the Precepts of the Fifth Circle
 52907 | Slime:5  | Got the Notes on Ironbound Ashes
 52909 | Slime:5  | Found the Hermit's Pendant {Faith Invo=14 Evo=0 MP+5}
 52940 | Slime:5  | Got a slimy rune of Zot
 52940 | Slime:5  | Got a starry gem with 186 turns to spare
 53261 | Depths:1 | Entered Level 1 of the Depths
 53289 | Depths:1 | Reached XP level 23. HP: 119/124 MP: 37/48
 53318 | Depths:1 | Found Dahyhelous's Jewellery Shoppe.
 53357 | Depths:1 | Found a gateway to Hell.
 53382 | Depths:1 | Reached skill level 21 in Necromancy
 53388 | Depths:1 | Found Gotoan's Antique Weapon Shop.
 53397 | Depths:1 | Found Feahah's Magic Scroll Boutique.
 53400 | Depths:1 | Bought a scroll of acquirement for 676 gold pieces
 53400 | Depths:1 | Acquired the +1 hat "Zolommoogh" {rF+ rC+ Will- Regen+}
 53510 | Depths:1 | Found Addusmoa's Assorted Antiques.
 53534 | Depths:1 | Found Kiufohy's Distillery.
 54170 | Depths:2 | Found a one-way gate leading to the halls of Pandemonium.
 54364 | Depths:2 | Found the +3 pair of seven-league boots {Rampage+∞}
 54421 | Depths:2 | Reached skill level 22 in Necromancy
 54989 | Depths:3 | Found a one-way gate to the infinite horrors of the Abyss.
 55067 | Depths:3 | Found a flickering gateway to a bazaar.
 55256 | Depths:3 | Reached skill level 23 in Necromancy
 55292 | Depths:3 | Identified the staff of Donluyv {Dex+2 Conj Necro}
 55370 | Bazaar   | Entered a bazaar
 55373 | Bazaar   | Found Roatiall's Distillery.
 55404 | Bazaar   | Found Zojymar's Distillery.
 55433 | Bazaar   | Found Reucel's Book Shop.
 55433 | Bazaar   | Found Guvirax's Magic Scroll Boutique.
 55467 | Bazaar   | Bought a potion of mutation for 72 gold pieces
 55467 | Bazaar   | Bought a potion of curing for 27 gold pieces
 55467 | Bazaar   | Bought a potion of resistance for 90 gold pieces
 55485 | Bazaar   | Bought a scroll of fog for 44 gold pieces
 55485 | Bazaar   | Bought a scroll of blinking for 82 gold pieces
 55485 | Bazaar   | Bought a scroll of enchant weapon for 82 gold pieces
 55497 | Bazaar   | Bought a potion of enlightenment for 80 gold pieces
 55497 | Bazaar   | Bought a potion of curing for 48 gold pieces
 55497 | Bazaar   | Bought a potion of heal wounds for 80 gold pieces
 55497 | Bazaar   | Bought 2 potions of brilliance for 128 gold pieces
 55497 | Bazaar   | Bought 2 potions of curing for 96 gold pieces
 55497 | Bazaar   | Bought a potion of curing for 48 gold pieces
 55497 | Bazaar   | Bought 2 potions of curing for 96 gold pieces
 55497 | Bazaar   | Bought 2 potions of might for 128 gold pieces
 55967 | Depths:3 | Found the +1 Delatra's gloves {ID++}
 55975 | Depths:3 | Reached XP level 24. HP: 129/129 MP: 37/48
 56230 | Depths:4 | Entered Level 4 of the Depths
 56309 | Depths:4 | Found a gate to the Realm of Zot.
 56326 | Depths:4 | Got a midnight gem with 1106 turns to spare
 56503 | Depths:4 | Found a one-way gateway to a ziggurat.
 56504 | Depths:4 | Noticed an ancient lich
 56514 | Depths:4 | Reached skill level 24 in Necromancy
 56531 | Depths:4 | Killed an ancient lich
 56591 | Depths:4 | Reached skill level 15 in Stealth
 56740 | Depths:4 | Found Oppet's Book Emporium.
 57102 | Depths:4 | Identified the +4 hand axe "Guyd" {antimagic, rF- Dex+5}
 57429 | Depths:4 | Learned a level 7 spell: Haunt
 57487 | Depths:3 | Upgraded the game from 0.32-a0-360-gcd93b57 to
                  | 0.32-a0-361-g289a535
 57495 | Depths:3 | Voluntarily entered the Abyss.
 57584 | Abyss:1  | Found a corrupted altar of Lugonu.
 57705 | Depths:3 | Escaped the Abyss
 57707 | Depths:3 | Voluntarily entered the Abyss.
 57707 | Abyss:1  | Found a corrupted altar of Lugonu.
 57756 | Abyss:3  | Found a corrupted altar of Lugonu.
 57796 | Abyss:3  | Found a corrupted altar of Lugonu.
 57821 | Abyss:3  | Reached skill level 1 in Summonings
 57895 | Abyss:3  | Learned a level 3 spell: Passwall
 58070 | Depths:3 | Escaped the Abyss
 58084 | Depths:3 | Voluntarily entered the Abyss.
 58089 | Depths:3 | Escaped the Abyss
 58091 | Depths:3 | Voluntarily entered the Abyss.
 58153 | Abyss:3  | Found an iron altar of Okawaru.
 58154 | Abyss:3  | Found a corrupted altar of Lugonu.
 58338 | Abyss:3  | Got an abyssal rune of Zot
 58525 | Depths:3 | Escaped the Abyss
 58888 | Vaults:5 | Entered Level 5 of the Vaults
 58890 | Vaults:5 | Noticed a dread lich
 58999 | Vaults:5 | Reached skill level 5 in Summonings
 59037 | Vaults:5 | Reached skill level 15 in Fighting
 59136 | Vaults:5 | Reached XP level 25. HP: 127/135 MP: 36/48
 59316 | Vaults:5 | Killed a dread lich
 59373 | Vaults:5 | Noticed a dread lich
 59389 | Vaults:5 | Killed a dread lich
 59628 | Vaults:5 | Identified the ring of Itoyfoor {rPois Int+5}
 59907 | Vaults:5 | Got a silver rune of Zot
 59921 | Vaults:5 | Got the Codex of the Non-linear Crater
 60038 | Vaults:5 | Identified the ring of Daffodils {rPois rC+}
 60311 | Vaults:1 | Bought a scroll of butterflies for 68 gold pieces
 60311 | Vaults:1 | Bought a scroll of blinking for 127 gold pieces
 60311 | Vaults:1 | Bought a potion of haste for 170 gold pieces
 60311 | Vaults:1 | Bought 2 potions of enlightenment for 170 gold pieces
 60502 | D:10     | Bought a potion of heal wounds for 65 gold pieces
 60502 | D:10     | Bought a potion of mutation for 104 gold pieces
 60502 | D:10     | Bought 2 potions of heal wounds for 130 gold pieces
 60502 | D:10     | Bought a potion of mutation for 104 gold pieces
 60629 | D:14     | Bought a potion of curing for 39 gold pieces
 60629 | D:14     | Bought a potion of haste for 130 gold pieces
 60629 | D:14     | Bought a potion of curing for 39 gold pieces
 60629 | D:14     | Bought 2 potions of might for 104 gold pieces
 60629 | D:14     | Bought a potion of ambrosia for 104 gold pieces
 60629 | D:14     | Bought a potion of magic for 104 gold pieces
 60629 | D:14     | Bought a potion of curing for 39 gold pieces
 60744 | Orc:2    | Bought a potion of mutation for 120 gold pieces
 60932 | Depths:1 | Bought a scroll of butterflies for 52 gold pieces
 60932 | Depths:1 | Bought a scroll of fear for 52 gold pieces
 61059 | Zot:1    | Entered Level 1 of the Realm of Zot
 61207 | Zot:1    | Reached skill level 10 in Summonings
 61346 | Zot:1    | You are sucked into a shaft and drop 1 floor!
 61346 | Zot:2    | Found a huge runed translucent gate.
 61346 | Zot:2    | Found a huge runed translucent gate.
 61346 | Zot:2    | Found a huge runed translucent gate.
 61346 | Zot:2    | Found a huge runed translucent gate.
 61346 | Zot:2    | Found a huge runed translucent gate.
 61346 | Zot:2    | Found a huge runed translucent gate.
 61346 | Zot:2    | Found a huge runed translucent gate.
 61346 | Zot:2    | Found a huge runed translucent gate.
 61346 | Zot:2    | Found a huge runed translucent gate.
 61346 | Zot:2    | Found a huge runed translucent gate.
 61346 | Zot:2    | Found a huge runed translucent gate.
 61346 | Zot:2    | Found a huge runed translucent gate.
 61346 | Zot:2    | Found a huge runed translucent gate.
 61347 | Zot:2    | Noticed an ancient lich
 61347 | Zot:2    | Noticed an ancient lich
 61347 | Zot:2    | Noticed a dread lich
 61347 | Zot:2    | Noticed an orb of fire
 61347 | Zot:2    | Noticed an ancient lich
 61347 | Zot:2    | Found a huge runed translucent gate.
 61347 | Zot:2    | Found a huge runed translucent gate.
 61347 | Zot:2    | Found a huge runed translucent gate.
 61347 | Zot:2    | Found a huge runed translucent gate.
 61347 | Zot:2    | Found a huge runed translucent gate.
 61347 | Zot:2    | Found a huge runed translucent gate.
 61347 | Zot:2    | Found a huge runed translucent gate.
 62375 | Zot:2    | Found a huge runed translucent gate.
 62375 | Zot:2    | Found a huge runed translucent gate.
 62375 | Zot:2    | Found a huge runed translucent gate.
 62375 | Zot:2    | Found a huge runed translucent gate.
 62376 | Zot:2    | Found a huge runed translucent gate.
 62377 | Zot:2    | Found a huge runed translucent gate.
 62381 | Zot:2    | Found a huge runed translucent gate.
 62382 | Zot:2    | Found a huge runed translucent gate.
 62396 | Zot:2    | Identified the +0 chain mail "Tiduda Kocri" {rElec rF++
                  | rCorr Slay-4}
 62403 | Zot:2    | Found a huge runed translucent gate.
 62403 | Zot:2    | Found a huge runed translucent gate.
 62403 | Zot:2    | Found a huge runed translucent gate.
 62404 | Zot:2    | Found a huge runed translucent gate.
 62404 | Zot:2    | Found a huge runed translucent gate.
 62405 | Zot:2    | Found a huge runed translucent gate.
 62405 | Zot:2    | Found a huge runed translucent gate.
 62406 | Zot:2    | Found a huge runed translucent gate.
 63422 | Zot:3    | Identified the ring "Yttihea" {Ice Str+3}
 63422 | Zot:3    | Noticed Josephina
 63445 | Zot:3    | Killed Josephina
 63446 | Zot:3    | Reached skill level 25 in Necromancy
 63703 | Zot:4    | Reached XP level 26. HP: 138/142 MP: 6/48
 63723 | Zot:4    | Noticed an orb of fire
 63788 | Zot:4    | Reached skill level 26 in Necromancy
 63791 | Zot:4    | Killed an orb of fire
 64153 | Zot:4    | Gained mutation: You have a pair of small antennae on your
                  | head. [potion of mutation]
 64153 | Zot:4    | Gained mutation: You expend magic power (3 MP) to
                  | strengthen your wands. [potion of mutation]
 64154 | Zot:4    | Lost mutation: You expend magic power (3 MP) to strengthen
                  | your wands. [potion of mutation]
 64154 | Zot:4    | Lost mutation: You have a pair of small antennae on your
                  | head. [potion of mutation]
 64154 | Zot:4    | Gained mutation: You have sharp fingernails. [potion of
                  | mutation]
 64155 | Zot:4    | Lost mutation: You have sharp fingernails. [potion of
                  | mutation]
 64155 | Zot:4    | Gained mutation: You sometimes lose your temper in combat.
                  | [potion of mutation]
 64155 | Zot:4    | Gained mutation: You have large cloven feet. [potion of
                  | mutation]
 64155 | Zot:4    | Gained mutation: Your system is resistant to poisons.
                  | (rPois) [potion of mutation]
 64156 | Zot:4    | Lost mutation: You sometimes lose your temper in combat.
                  | [potion of mutation]
 64156 | Zot:4    | Lost mutation: Your system is resistant to poisons. (rPois)
                  | [potion of mutation]
 64156 | Zot:4    | Gained mutation: Your mind is acute. (Int +4, Str/Dex -1)
                  | [potion of mutation]
 64198 | Zot:5    | Entered Level 5 of the Realm of Zot
 64696 | Zot:5    | Noticed a dread lich
 64706 | Zot:5    | Killed a dread lich
 65063 | Zot:5    | Reached skill level 27 in Necromancy
 65134 | Zot:5    | Noticed an orb of fire
 65134 | Zot:5    | Noticed an ancient lich
 65140 | Zot:5    | Noticed an orb of fire
 65143 | Zot:5    | Noticed an orb of fire
 65144 | Zot:5    | Killed an ancient lich
 65243 | Zot:5    | Killed an orb of fire
 65305 | Zot:5    | Gained mutation: You occasionally lose the ability to drink
                  | potions when taking damage. [an orb of fire]
 65314 | Zot:5    | Killed an orb of fire
 65335 | Zot:5    | Noticed an orb of fire
 65361 | Zot:5    | Killed an orb of fire
 65370 | Zot:5    | Reached skill level 1 in Armour
 65389 | Zot:5    | Noticed an orb of fire
 65398 | Zot:5    | Killed an orb of fire
 65406 | Zot:5    | Killed an orb of fire
 65481 | Zot:5    | Reached skill level 5 in Armour
 65509 | Zot:5    | Gained mutation: Your body sometimes deteriorates upon
                  | taking damage. [mutagenic glow]
 65533 | Zot:5    | Noticed an orb of fire
 65533 | Zot:5    | Lost mutation: You have large cloven feet. [potion of
                  | mutation]
 65533 | Zot:5    | Lost mutation: Your mind is acute. (Int +4, Str/Dex -1)
                  | [potion of mutation]
 65533 | Zot:5    | Gained mutation: You possess an exceptional clarity of
                  | mind. [potion of mutation]
 65533 | Zot:5    | Gained mutation: Your skin changes colour to match your
                  | surroundings (Stealth+). [potion of mutation]
 65533 | Zot:5    | Gained mutation: Your spells are a little easier to cast,
                  | but a little less powerful. [potion of mutation]
 65533 | Zot:5    | Noticed an orb of fire
 65534 | Zot:5    | Lost mutation: Your body sometimes deteriorates upon taking
                  | damage. [potion of mutation]
 65534 | Zot:5    | Lost mutation: Your skin changes colour to match your
                  | surroundings (Stealth+). [potion of mutation]
 65534 | Zot:5    | Lost mutation: You occasionally lose the ability to drink
                  | potions when taking damage. [potion of mutation]
 65534 | Zot:5    | Gained mutation: You occasionally lose the ability to read
                  | scrolls when taking damage. [potion of mutation]
 65534 | Zot:5    | Gained mutation: You occasionally lose the ability to drink
                  | potions when taking damage. [potion of mutation]
 65535 | Zot:5    | Lost mutation: You possess an exceptional clarity of mind.
                  | [potion of mutation]
 65535 | Zot:5    | Lost mutation: Your spells are a little easier to cast, but
                  | a little less powerful. [potion of mutation]
 65535 | Zot:5    | Lost mutation: You occasionally lose the ability to read
                  | scrolls when taking damage. [potion of mutation]
 65535 | Zot:5    | Gained mutation: Your magical capacity is low. (-10% MP)
                  | [potion of mutation]
 65535 | Zot:5    | Gained mutation: You are somewhat resistant to further
                  | mutation. [potion of mutation]
 65535 | Zot:5    | Noticed an orb of fire
 65539 | Zot:5    | Lost mutation: You are somewhat resistant to further
                  | mutation. [potion of mutation]
 65539 | Zot:5    | Lost mutation: You occasionally lose the ability to drink
                  | potions when taking damage. [potion of mutation]
 65539 | Zot:5    | Lost mutation: Your magical capacity is low. (-10% MP)
                  | [potion of mutation]
 65539 | Zot:5    | Gained mutation: You possess an exceptional clarity of
                  | mind. [potion of mutation]
 65539 | Zot:5    | Gained mutation: You have a pair of small horns on your
                  | head. [potion of mutation]
 65540 | Zot:5    | Got the Orb of Zot
 66076 | D:$      | Escaped with the Orb!

Illustrated notes

Levels and vault maps discovered:
D:1:      lemuel_arrival_broad_hall, layout_rooms,
          dreamdust_ecumenical_altar_sealed_demon
D:2:      layout_rooms, uniq_terence
D:3:      layout_rooms, lemuel_round_altar, uniq_natasha,
          uniq_crazy_yiuf_cottage
D:4:      layout_rooms, kennysheep_opposing_triangles, uniq_grinder
D:5:      layout_cave_pools, enter_ossuary_2, minmay_shop_grid_forest,
          uniq_blork_the_orc
D:6:      layout_basic, minmay_temple_entry_arrows
D:7:      layout_gridville, grunt_temple_overflow_open,
          overflow_temple_1_default, old_standard_altar, enter_bailey_2,
          nicolae_underground_beach
D:8:      layout_basic, mainiacjoe_overflow_catwalk,
          mainiacjoe_overflow_tiny_flanked
D:9:      layout_irregular_city, mainiacjoe_overflow_large_starburst,
          lair_entry_dummy
D:10:     layout_cave_pools, gammafunk_ghost_stat_death, serial_shops,
          kennysheep_mini, nicolae_eternal_life, uniq_nergalle
D:11:     layout_roguey, uniq_amaemon
D:12:     layout_cave_pools, zombieorc1_lemuel, nicolae_looking_at_the_future
D:13:     layout_gridville, minmay_shattered_shrine
D:14:     layout_irregular_city, hangedman_vaults_entry_quadrant_bands,
          serial_shops, shop, hex_medium
D:15:     hellmonk_depths_entry_around_the_bend, layout_irregular_city,
          gauntlet_entry_generic, hellmonk_sif_muna_bookshelves
Temple:   hellmonk_temple_two_chambers
Lair:1:   layout_cave_pods
Lair:2:   layout_regular_city, minmay_snake_entry_six_corridors
Lair:3:   layout_regular_city, mainiacjoe_swamp_entry_angry_trees,
          serial_forest, infiniplex_forest_lined_3,
          infiniplex_forest_clump_medium, infiniplex_forest_clump_tiny,
          infiniplex_forest_lined_2, infiniplex_forest_zigzag_2,
          infiniplex_forest_join, infiniplex_forest_diagonal,
          infiniplex_forest_lined_corner, infiniplex_forest_side_room,
          serial_bayou_shore_b, lemuel_fruit_tree
Lair:4:   layout_roguey, slime_entry_1, st_stairs_3, beast_lair_carwin_3
Lair:5:   evilmike_catoblepas_cave, layout_long_grid, gammafunk_ghost_arena,
          infiniplex_staircase_pool_2, uniq_snorg
Swamp:1:  layout_basic_swamp, evilmike_swamp_ruin_house_2, swamp_pool_1_2,
          infiniplex_staircase_pool
Swamp:2:  layout_basic_swamp, evilmike_swamp_ruin_house_4, swamp_pool_1_2
Swamp:3:  layout_basic_swamp, serial_swamp_ruin, evilmike_swamp_ruin_house_1,
          hangedman_swamp_ruin_hall, hangedman_swamp_ruin_wall, uniq_nikola,
          uniq_mlioglotl, uniq_roxanne
Swamp:4:  swamp_basic_johnstein, layout_basic_swamp, swamp_pool_1_2,
          nicolae_swamp_snake_nest
Snake:1:  layout_basic, nicolae_snake_serpentine_bazaar, uniq_aizul,
          uniq_asterion, uniq_agnes
Snake:2:  layout_grid_maze, drop_trap, nicolae_shop_overcharged_wands
Snake:3:  layout_onion, grunt_megastairs_4
Snake:4:  hellmonk_snake_rune_quicksilver_temple, layout_basic, serial_shops,
          bzr_entry_dummy, shop, nicolae_shop_just_a_little_nook,
          nicolae_shop_bloodbath_and_beyond, serial_bayou_shore_b
Slime:1:  layout_caves
Slime:2:  layout_caves, nicolae_slime_getting_an_eyeful
Slime:3:  layout_caves
Slime:4:  layout_caves, nicolae_slime_phagocytosis
Slime:5:  slime_pit_nicolae_amoeboid
Orc:1:    layout_caves, gammafunk_ghost_arena
Orc:2:    grunt_orc_gardens, layout_caves, grunt_orc_garden, grunt_orc_garden,
          grunt_orc_garden, grunt_orc_garden, uniq_nessos
Elf:1:    eino_elf_arrival_the_gate, layout_gridlike, gammafunk_ghost_grave,
          minivault_28, roderic_lattice_octagonal_star
Elf:2:    elven_hall_of_blades_hangedman_alternative
          [nicolae_blade_entry_antechamber], layout_rooms,
          serial_nicolae_subway, nicolae_sub_station_crystal,
          nicolae_sub_station_stone, nicolae_sub_station_metal
Elf:3:    elf_hall_gauntlet_narrow, layout_loops_corners, drop_trap, uniq_norris
Vaults:1: nicolae_vaults_tetromino_T_2, vaults_mumra_minichess_inversion,
          hangedman_vaults_slice, nicolae_vaults_ellipses_ellipsis, v_misc_33,
          st_cells, nicolae_vaults_sesquioval_fish,
          nicolae_vaults_closet_pinwheel_6, v_misc_14, nicolae_vaults_house_1,
          layout_vaults_maze_snakey, serial_shops, nicolae_shop_waterfront,
          shop_coins, nicolae_shop_tiny_waterfront, nicolae_shop_back_alley_shop
Vaults:2: gammafunk_ghost_ooze, minmay_crypt_entry_skeletal_spiral,
          vaults_room_large_hall, nicolae_vaults_network_s,
          nicolae_vaults_network_periphery, nicolae_vaults_yaktaur_gun_rack,
          v_misc_13, v_rooms_3, vaults_mumra_chevron_long,
          nicolae_vaults_wine_cellar, vaults_mumra_minichess,
          grunt_vaults_hallway_short, ontoclasm_vaults_ligature,
          nicolae_vaults_house_1, layout_vaults_big_room
Vaults:3: hangedman_vaults_river_flow, nicolae_vaults_meiosis,
          nicolae_vaults_shock_wave, hangedman_vaults_pinch,
          nicolae_vaults_shrinking_rooms_2,
          nicolae_vaults_windows_and_doors_thing,
          nicolae_vaults_little_squares_1, v_misc_5, nicolae_vaults_tangram_2,
          vaults_room_stairs_pillars, nicolae_vaults_trapezoid_3,
          nicolae_vaults_asterisk, nicolae_vaults_tetromino_Z_1,
          layout_vaults_big_cross
Vaults:4: infiniplex_enter_wizlab_water, v_misc_30, vaults_room_ringed_pool,
          nicolae_vaults_steering_wheel, nicolae_vaults_little_squares_2,
          nicolae_vaults_surprise_closet, nicolae_vaults_three_branches,
          nicolae_vaults_asterisk, nicolae_vaults_storage_room_water,
          nicolae_vaults_little_squares_6, nicolae_vaults_more_shelving_1,
          layout_vaults_omnigrid
Vaults:5
Crypt:1:  layout_rooms, nicolae_crypt_niches, st_stairs_9, grunt_ministairs_9,
          grunt_crypt_arrival_guarded_gate
Crypt:2:  layout_misc_corridors, uniq_mennas
Crypt:3:  lightli_unholy_cathedral, layout_chaotic_city,
          tomb_entry_sphere_bobbens, uniq_zenata
Depths:1: layout_cave_pools, serial_shops, nicolae_lakefront_shop,
          nicolae_shop_window_shopping, shop, shop, grunt_mini_vestibule,
          minmay_shop_enchanted_jewellery, nicolae_water_bricks,
          minmay_fractal_squares_diagonal_5
Depths:2: minmay_textured_paths, layout_cave_pools, rand_demon_pan_entry_1,
          pf_coc_iceberg, grunt_decor_clamped, serial_bayou_shore_b
Depths:3: regret_index_reflect_refract, layout_gridville, nicolae_two_hexagons,
          abyss_entry, serial_shops, bzr_entry_safe, hangedman_geh_valley,
          kennysheep_flooded_box
Depths:4: grunt_zot_entry_gee_three, layout_gridlike, enter_ziggurat_d,
          serial_shops, nicolae_shop_hallway_plus, grunt_hell_entry_dis_grunt,
          hangedman_decor_push, grunt_pan_entry_zigzag, serial_library,
          serial_library_hellmonk_octagon, serial_library_hellmonk_hallway_a,
          serial_library_hellmonk_small_corner,
          serial_library_hellmonk_semicircle,
          serial_library_regret_index_small_wings,
          serial_library_hellmonk_small_alcove,
          serial_library_hellmonk_big_corner,
          serial_library_hellmonk_small_corner,
          serial_library_hellmonk_double_dead_end,
          serial_library_hellmonk_long_bookcase, evilmike_butchery
Zot:1:    layout_twisted_circle
Zot:2:    layout_gridlike, regret_index_zotdec_bone_old, door_vault
Zot:3:    layout_twisted_circle, skrybe_zot_glass_1, uniq_josephina
Zot:4:    layout_misc_corridors, grunt_megastairs_2
Zot:5:    layout_gridville, kennysheep_underground_church

Skill      XL: |  1  2  3  4  5  6  7  8  9 10 11 12 13 14 15 16 17 18 19 20 21 22 23 24 25 26 |
---------------+-------------------------------------------------------------------------------+-----
Spellcasting   | 3 4 6 8 9 10 12 14 15 18 20 | 20.0
Dodging        | 3 4 5 6 10 12 14 22 | 22.0
Necromancy     | 4 5 6 8 9 10 12 13 14 15 18 20 23 24 25 27 | 27.0
Fighting       | 1 3 6 9 10 12 14 15 16 | 16.1
Short Blades   | 4 9 10 11 14 | 14.0
Stealth        | 6 9 10 12 14 16 | 16.0
Alchemy        | 3 8 10 12 | 12.0
Throwing       | 2 |  2.0
Evocations     | 4 7 10 12 | 12.0
Hexes          | 4 8 |  8.0
Earth Magic    | 5 6 10 | 10.0
Conjurations   | 2 |  2.0
Shields        | 6 8 |  8.0
Fire Magic     | 2 |  2.0
Translocations | 2 |  2.0
Summonings     | 8 10 | 10.0
Armour         | 6 |  6.0

Action                     |  1- 3 |  4- 6 |  7- 9 | 10-12 | 13-15 | 16-18 | 19-21 | 22-24 | 25-27 || total
---------------------------+-------+-------+-------+-------+-------+-------+-------+-------+-------++-------
  Melee: Short sword       |       |     9 |   195 |    14 |       |       |       |       |       ||   218
         Dagger            |       |       |   196 |     5 |       |       |   113 |    54 |     6 ||   374
         Quick blade       |       |       |    17 |   962 |   945 |   638 |   832 |  1371 |   743 ||  5508
         Kick              |       |       |       |       |       |       |       |       |   124 ||   124
         Headbutt          |       |       |       |       |       |       |       |       |    17 ||    17
   Fire: Sling             |    17 |    43 |    45 |   186 |       |     6 |       |       |       ||   297
         Shortbow          |       |       |       |       |    18 |       |       |       |       ||    18
  Throw: Dart              |       |     4 |       |     2 |    16 |    17 |     1 |     1 |       ||    41
         Throwing net      |       |       |       |       |     1 |       |     1 |       |       ||     2
         Boomerang         |       |       |       |       |       |     4 |       |       |       ||     4
   Cast: Necrotise         |    41 |    85 |   189 |    76 |     6 |     6 |       |       |       ||   403
         Animate Dead      |       |       |     1 |    10 |    18 |    16 |    12 |    11 |    11 ||    79
         Curse of Agony    |       |       |     9 |    49 |    61 |     6 |     5 |     2 |       ||   132
         Dispel Undead     |       |       |       |       |    37 |    20 |   162 |   256 |    38 ||   513
         Olgreb's Toxic Ra |       |       |       |       |    32 |    39 |   107 |    42 |    45 ||   265
         Death Channel     |       |       |       |       |    38 |    44 |    35 |    25 |    22 ||   164
         Borgnjor's Vile C |       |       |       |       |    94 |   307 |   116 |    44 |    55 ||   616
         Sublimation of Bl |       |       |       |       |    58 |    36 |    48 |    26 |    24 ||   192
         Tukima's Dance    |       |       |       |       |     3 |       |     2 |       |       ||     5
         Fulminant Prism   |       |       |       |       |     3 |     4 |       |       |       ||     7
         Yara's Violent Un |       |       |       |       |       |       |    29 |    15 |     2 ||    46
         Ignite Poison     |       |       |       |       |       |       |    41 |    27 |    23 ||    91
         Apportation       |       |       |       |       |       |       |    18 |    21 |     2 ||    41
         Passwall          |       |       |       |       |       |       |       |     3 |       ||     3
         Haunt             |       |       |       |       |       |       |       |       |    38 ||    38
 Invoke: Unearth Wretches  |       |       |       |       |     9 |    13 |     3 |     5 |    13 ||    43
         Brand Weapon With |       |       |       |       |       |     1 |       |       |       ||     1
         Torment           |       |       |       |       |       |       |     1 |     1 |       ||     2
Ability: Evoke Invisibilit |       |       |       |       |     2 |       |       |       |       ||     2
  Evoke: Wand              |       |       |       |     2 |    18 |     2 |     2 |     3 |     1 ||    28
         Lightning rod     |       |       |       |       |     1 |       |       |       |       ||     1
         Phial of floods   |       |       |       |       |     1 |     2 |     2 |     1 |       ||     6
         Box of beasts     |       |       |       |       |       |       |     1 |       |     1 ||     2
         Phantom mirror    |       |       |       |       |       |       |     1 |       |       ||     1
    Use: Scroll            |       |       |     8 |    13 |     7 |    12 |     8 |    12 |    15 ||    75
         Potion            |       |       |       |       |     4 |     5 |     2 |    12 |    33 ||    56
   Stab: Sleeping          |       |       |     3 |     6 |    17 |    20 |    53 |    44 |    15 ||   158
         Distracted        |       |       |       |     3 |     9 |    11 |    10 |    28 |    15 ||    76
         Petrified         |       |       |       |       |     3 |       |       |       |       ||     3
         Petrifying        |       |       |       |       |     1 |       |       |       |       ||     1
         Paralysed         |       |       |       |       |    10 |     5 |     1 |     5 |     2 ||    23
         Invisible         |       |       |       |       |     1 |       |       |       |     6 ||     7
         Confused          |       |       |       |       |       |       |     1 |       |       ||     1
 Armour: Robe              |     9 |     5 |   122 |   139 |    56 |       |       |       |       ||   331
         Troll leather arm |       |       |       |       |   143 |   137 |   121 |   201 |   153 ||   755
  Dodge: Dodged            |    32 |     9 |   244 |   365 |   330 |   413 |   612 |   687 |   419 ||  3111
  Block: Buckler           |       |       |       |       |       |   155 |   245 |   291 |   105 ||   796

Table legend: (Time is in decaauts)
 A = Elapsed time spent in this place.
 B = Non-inter-level travel time spent in this place.
 C = Inter-level travel time spent in this place.
 D = Time resting spent in this place.
 E = Time spent auto-exploring this place.
 F = Levels seen in this place.
 G = Mean time per level.
                   A        B        C        D        E       F      G
               +--------+--------+--------+--------+--------+-----+--------+
         Total |  47121 |  42081 |   5040 |   6159 |  18172 |  69 |  682.9 |
       Dungeon |  13335 |  11266 |   2069 |   1380 |   5692 |  15 |  889.0 |
        Temple |      1 |      1 |      0 |      0 |      0 |   1 |    1.0 |
          Lair |   5687 |   5095 |    592 |   1162 |   2737 |   5 | 1137.4 |
         Swamp |   1985 |   1900 |     85 |    115 |    844 |   4 |  496.2 |
     Snake Pit |   3040 |   2833 |    207 |    162 |   1054 |   4 |  760.0 |
    Slime Pits |    490 |    439 |     51 |    139 |      0 |   5 |   98.0 |
  Orcish Mines |   1182 |    843 |    339 |      3 |    408 |   2 |  591.0 |
   Elven Halls |   3831 |   3564 |    267 |    702 |   1418 |   3 | 1277.0 |
        Vaults |   4828 |   4041 |    787 |    217 |   1854 |   5 |  965.6 |
         Crypt |   3315 |   3223 |     92 |    689 |   1514 |   3 | 1105.0 |
        Depths |   2836 |   2428 |    408 |     12 |   1229 |   4 |  709.0 |
           Zot |   3259 |   3121 |    138 |    555 |   1314 |   5 |  651.8 |
         Abyss |    609 |    609 |      0 |      0 |      0 |   7 |   87.0 |
        Bazaar |    137 |    137 |      0 |      0 |     58 |   2 |   68.5 |
       Ossuary |   1081 |   1081 |      0 |    507 |     17 |   1 | 1081.0 |
        Bailey |    349 |    349 |      0 |    142 |      0 |   1 |  349.0 |
        Wizlab |    352 |    352 |      0 |      0 |     29 |   1 |  352.0 |
      Gauntlet |    797 |    797 |      0 |    368 |      0 |   1 |  797.0 |
               +--------+--------+--------+--------+--------+-----+--------+

Top non-repeatable levels by time:
  Lair:5: 1996 daAuts
   Elf:3: 1965 daAuts
     D:9: 1765 daAuts
 Crypt:3: 1506 daAuts
Vaults:2: 1307 daAuts
    D:13: 1259 daAuts
  Lair:3: 1195 daAuts
    D:14: 1130 daAuts
 Ossuary: 1081 daAuts
     D:8: 1051 daAuts
   Zot:5: 1041 daAuts
    D:10: 1039 daAuts
  Lair:2: 1030 daAuts
     D:4: 956 daAuts
   Elf:2: 943 daAuts
